 Dungeon Crawl Stone Soup version 0.24-a0-715-g0b739ee41d (webtiles) character file.

Game seed: 9187055675022842519, levelgen mode: deterministic

1318844 feelmyfire the Rhythm of Life and Death (level 27, -6/249 HPs)
             Began as a Demonspawn Gladiator on Sept 30, 2019.
             Was the Champion of Uskayaw.
             Mangled by a death scarab (8 damage)
             ... while paralysed by the power of Zot
             ... on level 3 of the Tomb of the Ancients.
             The game lasted 02:45:58 (94255 turns).

feelmyfire the Rhythm of Life and Death (DsGl)     Turns: 94255, Time: 02:45:59

Health: -6/249     AC: 48    Str: 24    XL:     27
Magic:  0/32       EV:  2    Int: 20    God:    Uskayaw [******]
Gold:   8965       SH:  0    Dex: 24    Spells: 26/26 levels left

rFire    + + +     SeeInvis +   X - +9 quick blade (flame)
rCold    + . .     Gourm    .   z - +5 buckler of Inevitability {Regen+ rCorr Int+6}
rNeg     + + +     Faith    .   h - +11 gold dragon scales
rPois    +         Spirit   +   (helmet unavailable)
rElec    .         Reflect  .   K - +0 cloak of the True Pharaoh {*Slow rN+++ Int+6 Dex-2}
rCorr    +         Harm     .   i - +2 pair of gloves of Follow the Leader {rPois MR+ Regen+ Int-2}
MR       +++..                  Z - +2 pair of boots {Fly}
Stlth    ..........             A - amulet "Egav" {Spirit rF+ rC+ Dex+5}
HPRegen  1.31/turn              r - ring of the Five Stories {Fire Int+2 Dex+3 Slay+3}
MPRegen  0.23/turn              J - ring of see invisible

@: paralysed, marked, flying, very slightly contaminated, slowed
A: horns 3, talons 1, iridescent scales 3, deformed body, dopey 1, foul stench
2, low mp 2, mutation resistance 1, spiny 3, augmentation 3, rot immunity
}: 14/15 runes: decaying, slimy, silver, iron, obsidian, icy, bone, abyssal,
demonic, glowing, magical, fiery, dark, gossamer
a: Stomp, Line Pass, Grand Finale, Renounce Religion, Stop Flying


You were on level 3 of the Tomb of the Ancients.
You worshipped Uskayaw.
Uskayaw was exalted by your worship.
You were near starving.

You visited 18 branches of the dungeon, and saw 87 of its levels.
You visited Pandemonium 1 time, and saw 20 of its levels.
You visited the Abyss 2 times.
You visited 1 ziggurat, and saw 15 of its levels.
You also visited: Sewer, Gauntlet, Ice Cave and Volcano.

You collected 12848 gold pieces.
You spent 3883 gold pieces at shops.

Inventory:

Hand Weapons
 n - the +9 rapier of the Trees {flame, *Drain +Blink rElec rF++}
   (You found it in Pandemonium)

   It has been specially enchanted to burn those struck by it, causing extra
   injury to most foes and up to half again as much damage against particularly
   susceptible opponents.
   It greatly protects you from fire.
   It insulates you from electricity.
   It lets you blink.
   It causes draining when unequipped.
 y - a +5 quick blade
 X - a +9 quick blade of flaming (weapon)
Missiles
 L - 11 throwing nets (quivered)
Armour
 h - +11 gold dragon scales (worn)
 i - the +2 pair of gloves of Follow the Leader (worn) {rPois MR+ Regen+ Int-2}
   (You found it on level 15 of a ziggurat)

   It affects your intelligence (-2).
   It protects you from poison.
   It affects your resistance to hostile enchantments.
   It increases your rate of regeneration.
 z - the +5 buckler of Inevitability (worn) {Regen+ rCorr Int+6}
   (You bought it in a shop on level 2 of the Vaults)

   It affects your intelligence (+6).
   It increases your rate of regeneration.
   It provides partial protection from all sources of acid and corrosion.
 K - the +0 cloak of the True Pharaoh (worn) {*Slow rN+++ Int+6 Dex-2}
   (You found it on level 1 of the Crypt)

   It affects your intelligence (+6).
   It affects your dexterity (-2).
   It renders you almost immune to negative energy.
   It may slow you when you take damage.
 Q - the +1 pair of gloves of Mirth {rC+}
   (You found it in Pandemonium)

   It protects you from cold.
 Z - a +2 pair of boots of flying (worn)
Jewellery
 c - an uncursed ring of fire
 k - an uncursed ring of stealth
 o - an uncursed ring of protection from cold
 r - the ring of the Five Stories (left hand) {Fire Int+2 Dex+3 Slay+3}
   (You found it in an ice cave)

   [ring of fire]

   It enhances your fire magic.
   It affects your intelligence (+2).
   It affects your dexterity (+3).
   It affects your accuracy and damage with ranged weapons and melee attacks
   (+3).
   It protects you from fire.
   It makes you vulnerable to cold.
 v - an uncursed amulet of faith
 A - the amulet "Egav" (around neck) {Spirit rF+ rC+ Dex+5}
   (You bought it in a shop on level 1 of the Elven Halls)

   [amulet of guardian spirit]

   It causes incoming damage to be split between your health and magic.
   It affects your dexterity (+5).
   It protects you from fire.
   It protects you from cold.
 B - an uncursed ring of protection from magic
 F - the amulet "Put-Me-On" {+Rage rElec Slay+2}
   (You found it on level 3 of the Crypt)

   [amulet of rage]

   It affects your accuracy and damage with ranged weapons and melee attacks
   (+2).
   It insulates you from electricity.
   It lets you go berserk.
 J - a ring of see invisible (right hand)
 M - the ring "Neghacal" {Ice rPois Str+2 Int-5}
   (You took it off Antaeus on level 7 of Cocytus)

   [ring of ice]

   It enhances your ice magic.
   It affects your strength (+2).
   It affects your intelligence (-5).
   It makes you vulnerable to fire.
   It protects you from cold.
   It protects you from poison.
 O - the ring of Beriestu {rN+ Int+4 Dex+7}
   (You found it on level 3 of the Crypt)

   [ring of positive energy]

   It affects your intelligence (+4).
   It affects your dexterity (+7).
   It protects you from negative energy.
Wands
 d - a wand of iceblast (37)
 j - a wand of scattershot (17)
 p - a wand of digging (23)
 C - a wand of acid (27)
 G - a wand of random effects (41)
 V - a wand of clouds (13)
Scrolls
 e - 26 scrolls of identify
 l - 29 scrolls of remove curse
 m - 12 scrolls of fog
 q - 7 scrolls of fear
 t - 22 scrolls of teleportation
 w - 3 scrolls of blinking
 P - 5 scrolls of enchant weapon
 S - 4 scrolls of silence
 U - a scroll of summoning
 W - a scroll of amnesia
Potions
 a - 5 potions of heal wounds
 b - 6 potions of invisibility
 g - 25 potions of curing
 s - 11 potions of haste
 u - 9 potions of cancellation
 x - 8 potions of magic
 D - 12 potions of mutation
 E - 7 potions of agility
 H - 14 potions of brilliance
 I - 8 potions of ambrosia
 N - 5 potions of berserk rage
 R - 9 potions of might
 T - 5 potions of resistance
Comestibles
 f - 83 rations


   Skills:
 O Level 27 Fighting
 O Level 27 Short Blades
 - Level 1.7 Throwing
 O Level 27 Armour
 + Level 26.4 Dodging
 + Level 18.1 Stealth
 + Level 11.9 Shields
 O Level 27 Invocations
 - Level 16.0 Evocations


You had 26 spell levels left.
You didn't know any spells.
Your spell library contained the following spells:

 Spells                   Type           Power        Failure   Level  Hunger
 Animate Skeleton         Necr           N/A          82%         1    ##.....
 Apportation              Tloc           #.....       82%         1    ##.....
 Beastly Appendage        Tmut           #.....       82%         1    ##.....
 Confusing Touch          Hex            #.....       82%         1    ##.....
 Corona                   Hex            #......      82%         1    ##.....
 Flame Tongue             Conj/Fire      #....        82%         1    ##.....
 Freeze                   Ice            #...         82%         1    ##.....
 Infusion                 Chrm           #...         82%         1    ##.....
 Magic Dart               Conj           #...         82%         1    ##.....
 Pain                     Necr           #...         82%         1    ##.....
 Sandblast                Erth           #.....       82%         1    ##.....
 Shock                    Conj/Air       #...         82%         1    ##.....
 Summon Butterflies       Summ           #.......     82%         1    ##.....
 Summon Small Mammal      Summ           #...         82%         1    ##.....
 Blink                    Tloc           N/A          91%         2    ###....
 Call Imp                 Summ           #.......     91%         2    ###....
 Corpse Rot               Necr           N/A          91%         2    ###....
 Ensorcelled Hibernation  Hex/Ice        #.....       91%         2    ###....
 Passwall                 Tmut/Erth      #.......     91%         2    ###....
 Poisonous Vapours        Pois/Air       #.....       91%         2    ###....
 Searing Ray              Conj           #.....       91%         2    ###....
 Shroud of Golubria       Chrm/Tloc      #.....       91%         2    ###....
 Slow                     Hex            #.......     91%         2    ###....
 Song of Slaying          Chrm           #.......     91%         2    ###....
 Sticks to Snakes         Tmut           #.......     91%         2    ###....
 Sublimation of Blood     Necr           #.........   91%         2    ###....
 Swiftness                Chrm/Air       #.......     91%         2    ###....
 Throw Flame              Conj/Fire      #.....       91%         2    ###....
 Throw Frost              Conj/Ice       #.....       91%         2    ###....
 Call Canine Familiar     Summ           #.......     99%         3    ####...
 Confuse                  Hex            #.......     99%         3    ####...
 Conjure Flame            Conj/Fire      #.......     99%         3    ####...
 Dazzling Spray           Conj/Hex       #.....       99%         3    ####...
 Gell's Gravitas          Tloc           #.........   99%         3    ####...
 Ignite Poison            Fire/Tmut/Pois #.......     99%         3    ####...
 Inner Flame              Hex/Fire       #.......     99%         3    ####...
 Lesser Beckoning         Tloc           #.........   99%         3    ####...
 Mephitic Cloud           Conj/Pois/Air  #.......     99%         3    ####...
 Ozocubu's Armour         Chrm/Ice       #.......     99%         3    ####...
 Portal Projectile        Hex/Tloc       #.....       99%         3    ####...
 Recall                   Summ/Tloc      N/A          99%         3    ####...
 Regeneration             Chrm/Necr      #.........   99%         3    ####...
 Spectral Weapon          Hex/Chrm       #.......     99%         3    ####...
 Spider Form              Tmut/Pois      #.........   99%         3    ####...
 Static Discharge         Conj/Air       #.......     99%         3    ####...
 Stone Arrow              Conj/Erth      #.....       99%         3    ####...
 Summon Guardian Golem    Hex/Summ       #.......     99%         3    ####...
 Teleport Other           Tloc           #.......     99%         3    ####...
 Tukima's Dance           Hex            #.......     99%         3    ####...
 Vampiric Draining        Necr           #.........   99%         3    ####...
 Airstrike                Air            #.........   100%        4    #####..
 Animate Dead             Necr           N/A          100%        4    #####..
 Cause Fear               Hex            #.........   100%        4    #####..
 Force Lance              Conj/Tloc      #.......     100%        4    #####..
 Fulminant Prism          Conj/Hex       #.........   100%        4    #####..
 Ice Form                 Ice/Tmut       #.......     100%        4    #####..
 Iskenderun's Mystic Bla  Conj           #.......     100%        4    #####..
 Leda's Liquefaction      Hex/Erth       #.........   100%        4    #####..
 Olgreb's Toxic Radiance  Pois           #.......     100%        4    #####..
 Passage of Golubria      Tloc           N/A          100%        4    #####..
 Petrify                  Tmut/Erth      #.......     100%        4    #####..
 Sticky Flame             Conj/Fire      #.......     100%        4    #####..
 Summon Ice Beast         Ice/Summ       #.......     100%        4    #####..
 Summon Lightning Spire   Summ/Air       #.......     100%        4    #####..
 Throw Icicle             Conj/Ice       #.......     100%        4    #####..
 Agony                    Necr           #.......     100%        5    ######.
 Aura of Abjuration       Summ           #.........   100%        5    ######.
 Blade Hands              Tmut           #.........   100%        5    ######.
 Bolt of Draining         Conj/Necr      #.........   100%        5    ######.
 Bolt of Magma            Conj/Fire/Erth #.........   100%        5    ######.
 Borgnjor's Vile Clutch   Necr/Erth      #.........   100%        5    ######.
 Dispel Undead            Necr           #.......     100%        5    ######.
 Excruciating Wounds      Chrm/Necr      #.........   100%        5    ######.
 Fireball                 Conj/Fire      #.........   100%        5    ######.
 Irradiate                Conj/Tmut      #.........   100%        5    ######.
 Iskenderun's Battlesphe  Conj/Chrm      #.......     100%        5    ######.
 Lee's Rapid Deconstruct  Erth           #.........   100%        5    ######.
 Lightning Bolt           Conj/Air       #.........   100%        5    ######.
 Metabolic Englaciation   Hex/Ice        #.........   100%        5    ######.
 Silence                  Hex/Air        #.........   100%        5    ######.
 Summon Demon             Summ           #.........   100%        5    ######.
 Summon Forest            Summ/Tloc      #.........   100%        5    ######.
 Summon Mana Viper        Hex/Summ       #.......     100%        5    ######.
 Venom Bolt               Conj/Pois      #.........   100%        5    ######.
 Yara's Violent Unravell  Hex/Tmut       #.........   100%        5    ######.
 Bolt of Cold             Conj/Ice       #.........   100%        6    #######
 Bolt of Fire             Conj/Fire      #.........   100%        6    #######
 Darkness                 Hex            #.........   100%        6    #######
 Death Channel            Necr           #.........   100%        6    #######
 Deflect Missiles         Chrm/Air       #.........   100%        6    #######
 Dispersal                Tloc           #.........   100%        6    #######
 Freezing Cloud           Conj/Ice/Air   #.........   100%        6    #######
 Hydra Form               Tmut           #.........   100%        6    #######
 Invisibility             Hex            #.......     100%        6    #######
 Iron Shot                Conj/Erth      #.........   100%        6    #######
 Ozocubu's Refrigeration  Ice            #.........   100%        6    #######
 Shadow Creatures         Summ           N/A          100%        6    #######
 Simulacrum               Ice/Necr       #.........   100%        6    #######
 Statue Form              Tmut/Erth      #........    100%        6    #######
 Dragon Form              Tmut           #.........   100%        7    #######
 Orb of Destruction       Conj           #.........   100%        7    #######
 Ring of Flames           Chrm/Fire      #.........   100%        7    #######
 Spellforged Servitor     Conj/Summ      #.........   100%        7    #######
 Summon Hydra             Summ           #.........   100%        7    #######
 Controlled Blink         Tloc           N/A          100%        8    #######
 Discord                  Hex            #.........   100%        8    #######
 Disjunction              Tloc           #.........   100%        8    #######
 Ignition                 Fire           #.........   100%        8    #######
 Dragon's Call            Summ           #.........   100%        9    #######
 Shatter                  Erth           #.........   100%        9    #######
 Tornado                  Air            #.........   100%        9    #######


Dungeon Overview and Level Annotations

Branches:
Dungeon (15/15)            Temple (1/1) D:6            Lair (6/6) D:8
  Swamp (4/4) Lair:4       Spider (4/4) Lair:2        Slime (5/5) Lair:6
    Orc (2/2) D:10            Elf (3/3) Orc:2        Vaults (5/5) D:13
  Crypt (3/3) Vaults:2       Tomb (3/3) Crypt:3      Depths (5/5) D:15
   Hell (visited)             Dis (7/7) Hell            Geh (7/7) Hell
    Coc (7/7) Hell            Tar (7/7) Hell            Zot (5/5) Depths:5
  Sewer (visited)           IceCv (visited)         Volcano (visited)
Gauntlet (visited)

Altars:
Ashenzari
Cheibriados
Dithmenos
Elyvilon
Fedhas
Gozag
Hepliaklqana
Kikubaaqudgha
Makhleb
Nemelex Xobeh
Okawaru
Qazlal
Ru
Sif Muna
Trog
Uskayaw
Vehumet
Wu Jian
Xom
Yredelemnul
Zin
The Shining One
Beogh
Jiyva

Shops:
D:10 %   D:14 *   Orc:2 [:!:%   Elf:1 =   Elf:3 }=}%   Vaults:2 [   Vaults:4 %

Portals:
Hell: Depths:1 Depths:2 Depths:3 Depths:4 Depths:5
Abyss: Depths:4
Pandemonium: Depths:1 Depths:3

Annotations:
Swamp:4 Roxanne
Zot:5 1 exclusion


Innate Abilities, Weirdness & Mutations

You have a pair of large horns on your head.
You are completely covered in iridescent scales. (AC +6)
You frequently emit foul miasma when damaged in melee.
You are completely covered in sharp spines.
Your magical and physical power is greatly enhanced at high health.
You are immune to rotting.
You have sharp toenails.
Armour fits poorly on your strangely shaped body.
You are dopey. (Int -2)
Your magical capacity is very low. (-20% MP)
You are somewhat resistant to further mutation.


Message History

The death scarab bites you.
* * * LOW HITPOINT WARNING * * *
The death scarab drains your vigour!
You feel as though you will be slow longer.
The death scarab bites you but does no damage. x4
The death scarab is struck by your spines.
The death scarab bites you.
* * * LOW HITPOINT WARNING * * *
The death scarab drains your vigour!
You feel as though you will be slow longer.
The revenant conjures spectral mists around you.
The spectral mist engulfs you but does no damage.
The death scarab is struck by your spines.
The death scarab bites you!
* * * LOW HITPOINT WARNING * * *
The death scarab drains your vigour!
You feel as though you will be slow longer.
The death scarab is struck by your spines.
The death scarab bites you!
You die...

##))["$.......#§sZs..#.....
##}|[)$$$.^....#?ssM$M#....$
*#)[==}$........s..sssss8z...
#[)|==$$...^...s#..ssss#.....
#=)$$$$$.....!.s#......#...M)
#)$$$.$........##.....^##.)z.
#$$$......§§ss§##......##^...
#$.$......Zsss##.......s##...
##.^......§s@##..M...M..,##<.
#........§§##..M.MM8....,##.
###......☼##,,,,,,,,,,,,,,##
**#..§§#*,,,,,,,,,,,,,,,,#
***##§##**,,,,,,,,,,,,,,,,*
**,,.L,*,,,,,,,,,,,,,,,,,,,,
**,,,M***,,,,,,,,,,,,,,,,,,,,
*,,,,***,,,,,,,,,,,,,,,,,,,,,
*,,,***,,,,,,,,,********,,,,,


You could see a revenant, a mummy priest, a spectral orc and 9 death scarabs.

Vanquished Creatures
  Cerebov (Pan)
  Antaeus (Coc:7)
  Asmodeus (Geh:7)
  the Royal Jelly (Slime:5)
  Ereshkigal (Tar:7)
  Gloorx Vloq (Pan)
  Mnoleg (Pan)
  A seraph (Pan)
  Lom Lobon (Pan)
  the Serpent of Hell (Tar:7)
  4 orbs of fire
  Dispater (Dis:7)
  10 ancient liches
  4 juggernauts
  Sojobo (Depths:1)
  24 greater mummies
  Boris (Depths:2)
  6 shard shrikes
  A Killer Klown (Zig:15)
  A curse toe (Zot:2)
  the Lernaean hydra (Swamp:4)
  Frederick (Vaults:4)
  Geryon (Hell)
  5 pandemonium lords
  3 caustic shrikes (Depths:5)
  8 bone dragons
  Jory (Tomb:2)
  11 golden dragons
  A pearl dragon (Pan)
  16 Brimstone Fiends
  19 Tzitzimimeh
  3 electric golems
  15 liches
  5 hellephants
  A shard shrike zombie (Crypt:2)
  6 doom hounds
  18 tentacled monstrosities
  7 iron giants (Dis:7)
  Rupert (Orc:2)
  4 Hell Sentinels (Dis:7)
  3 Orb Guardians (Zot:5)
  9 Ice Fiends
  A deep elf blademaster (Elf:3)
  Asterion (Depths:1)
  7 titans
  6 quicksilver dragons
  29 acid blobs
  5 tentacled starspawn
  23 ancient champions
  2 deep elf master archers (Elf:3)
  17 Executioners (Pan)
  7 death cobs
  3 eldritch tentacles
  9 sphinxes
  20 storm dragons
  3 revenants
  15 daevas (Pan)
  26 shadow dragons
  2 thorn hunters
  4 draconian monks
  Kirke (Swamp:4)
  Donald (Crypt:2)
  9 tengu reavers
  9 azure jellies
  7 nagarajas (Zig:12)
  10 fire giants
  7 draconian scorchers
  13 deep elf sorcerers
  15 frost giants
  14 ghost moths
  2 corrupters (Pan)
  2 orc warlords
  8 draconian knights
  15 cacodemons
  8 iron dragons
  Louise (Depths:4)
  2 warmongers (Pan)
  36 balrugs
  18 vault wardens
  5 emperor scorpions
  Aizul (Spider:1)
  6 deep elf elementalists
  7 draconian stormcallers
  2 curse skulls (Pan)
  6 ghouls
  5 draconian shifters
  18 angels
  6 elemental wellsprings
  2 war gargoyles (Hell)
  14 draconian annihilators
  12 vampire knights
  29 very ugly things
  46 reapers
  16 ophanim
  17 apis (Pan)
  5 spriggan defenders
  6 entropy weavers
  6 caustic shrike skeletons (Crypt:3)
  22 stone giants
  2 black suns (Pan)
  3 blood saints (Pan)
  4 bennus (Tomb:1)
  15 green draconians
  23 ironheart preservers
  18 black draconians
  An entropy weaver (shapeshifter) (Depths:3)
  Nessos (Orc:2)
  21 red draconians
  9 yellow draconians
  4 lorocyprocas (Pan)
  2 deep elf demonologists
  18 deep elf annihilators
  8 dire elephants
  21 white draconians
  9 spark wasps
  A minotaur (Gauntlet)
  16 purple draconians
  19 blizzard demons
  11 death oozes
  11 deep elf death magi
  22 mummy priests
  A merfolk javelineer (Depths:1)
  8 statues (Depths:2)
  7 ettins
  A fire dragon (shapeshifter) (Depths:5)
  The ghost of Qudghomp the Geomancer, a journeyman GrEE of Vehumet (D:14)
  6 green deaths (Pan)
  9 jiangshi
  3 eidola
  3 quicksilver dragon zombies
  12 fire dragons
  13 yaktaur captains
  7 deep elf high priests
  A great orb of eyes (shapeshifter) (Gauntlet)
  A kraken zombie (Coc:5)
  Harold (D:10)
  16 spriggan air magi
  3 hell beasts (Pan)
  A naga warrior (Zig:12)
  6 rakshasas
  9 great orbs of eyes
  5 monstrous demonspawn (Pan)
  24 hydras
  24 ice dragons
  12 centaur warriors
  30 vault guards
  A shambling mangrove (Swamp:3)
  A catoblepas (shapeshifter) (Depths:2)
  A catoblepas (Zig:14)
  4 death knights
  A ghost crab (Swamp:2)
  4 quicksilver dragon skeletons
  26 dancing weapons
  14 deep troll shamans
  19 ogre magi
  3 death yaks
  89 death scarabs
  11 deep troll earth magi
  2 queen ants
  15 alligators
  2 anacondas
  25 hell hogs
  5 tengu warriors
  12 vampire magi
  An orc high priest (Elf:3)
  34 two-headed ogres
  4 spriggan berserkers
  4 titan zombies
  4 titan skeletons
  5 thrashing horrors
  29 hell knights
  7 storm dragon zombies
  2 shock serpents (Zig:12)
  An iron golem (Hell)
  Nergalle (Orc:2)
  Urug (D:11)
  26 soul eaters
  9 wretched stars
  51 sun demons
  A salamander mystic (Depths:3)
  25 deep elf knights
  20 sixfirhies
  121 skeletal warriors
  2 golden dragon zombies
  23 shadow wraiths
  15 iron trolls
  3 spatial maelstroms
  3 storm dragon skeletons
  A death drake (Tar:7)
  3 gelid demonspawn (Pan)
  13 cherubim
  20 deep elf archers
  26 shadow demons
  11 glowing orange brains
  5 torturous demonspawn (Pan)
  33 deep trolls
  15 flayed ghosts
  4 spriggan druids
  9 anaconda zombies
  8 wizards
  A death drake (shapeshifter) (Vaults:3)
  An obsidian statue (Zig:4)
  4 orange crystal statues
  11 swamp dragons
  6 infernal demonspawn (Pan)
  A kraken simulacrum (Hell)
  2 golden dragon skeletons
  7 anaconda skeletons
  A lindwurm (D:13)
  A harpy (shapeshifter) (Depths:2)
  15 ironbrand convokers
  6 shadow dragon zombies
  5 harpies (Vaults:3)
  13 necromancers
  A wolf spider zombie (Geh:7)
  18 phantasmal warriors
  6 cyclopes
  5 iron dragon zombies
  An orb spider (shapeshifter) (Depths:3)
  2 tengu skeletons
  54 deep elf magi
  A mana viper (Zig:12)
  12 shining eyes
  11 orc knights
  5 frost giant zombies
  28 wolf spiders
  A mana viper (shapeshifter) (Vaults:4)
  15 orb spiders
  5 stone giant zombies
  A wolf spider (shapeshifter) (D:15)
  A fire giant zombie (Coc:4)
  A manticore (D:12)
  72 ugly things
  11 orc sorcerers
  4 shadow dragon skeletons
  44 moths of wrath
  A moth of wrath (shapeshifter) (Vaults:5)
  6 salamanders
  4 iron dragon skeletons
  The ghost of Lentor the Cudgeler, a novice GrFi of Okawaru (D:6)
  7 frost giant skeletons
  A shock serpent zombie (Geh:4)
  A black mamba (shapeshifter) (Vaults:1)
  10 vault sentinels
  A worldbinder (Abyss:2)
  6 fire giant skeletons
  4 eyes of devastation
  16 rust devils
  5 ice statues
  5 guardian serpents
  A naga mage (Zig:12)
  Joseph (D:10)
  20 elephants
  12 molten gargoyles
  47 smoke demons
  A torpor snail (Spider:2)
  4 stone giant skeletons
  2 guardian serpents (shapeshifter)
  14 spiny frogs
  A water nymph (shapeshifter) (Abyss:2)
  A storm dragon simulacrum (Hell)
  5 gargoyles
  2 apocalypse crabs (Abyss:5)
  10 black mambas
  3 dire elephant zombies
  2 emperor scorpion zombies
  A swamp worm zombie (Crypt:1)
  22 hellions
  4 rime drakes
  A rime drake (shapeshifter) (Vaults:3)
  60 yaktaurs
  22 demonic crawlers
  2 pale draconian zombies (Crypt:2)
  An elephant slug zombie (Crypt:1)
  28 freezing wraiths
  38 ice devils
  15 orange demons
  7 dire elephant skeletons
  7 komodo dragons
  8 efreet
  4 catoblepas skeletons
  3 starcursed masses (Abyss:5)
  31 tormentors
  A golden dragon simulacrum (Tomb:1)
  A queen bee (Spider:3)
  5 ancient zymes (Abyss:5)
  50 red devils
  A ghost moth simulacrum (Coc:7)
  20 hellwings
  An anaconda simulacrum (Coc:2)
  30 guardian mummies
  7 hydra zombies
  9 tyrant leeches
  37 jumping spiders
  A sea snake skeleton (Crypt:2)
  7 trolls
  A purple draconian skeleton (Crypt:3)
  2 queen bees (shapeshifter)
  3 meliai (Spider:3)
  13 polar bears (IceCv)
  A shadow dragon simulacrum (Coc:5)
  20 hornets
  2 harpy zombies (Coc:7)
  3 silent spectres
  28 blink frogs
  17 bog bodies
  15 raiju
  2 harpy skeletons
  A hippogriff (shapeshifter) (Zig:9)
  8 ettin zombies
  A fire giant simulacrum (Hell)
  2 hornets (shapeshifter)
  4 ice dragon zombies
  5 hippogriffs
  10 hydra skeletons
  10 alligator zombies
  3 fire dragon zombies
  2 meliai zombies
  A frost giant simulacrum (Vaults:1)
  A human simulacrum (Vaults:3)
  A stone giant simulacrum (Vaults:2)
  A satyr zombie (Crypt:3)
  113 slime creatures
  7 fire dragon skeletons
  6 dream sheep (Lair:5)
  36 large abominations
  3 alligator skeletons
  3 black mamba zombies
  85 flying skulls
  17 ynoxinuls
  Sigmund (D:2)
  8 air elementals
  5 vampires
  62 redbacks
  4 ice dragon skeletons
  15 shadows
  17 wraiths
  22 water elementals
  44 yaks
  A wind drake zombie (Crypt:3)
  9 spriggans
  25 tarantellas
  2 golden eyes (shapeshifter) (Vaults:4)
  26 ushabtiu
  9 wyverns
  A basilisk (shapeshifter) (Elf:1)
  2 basilisks
  34 fire elementals
  8 ettin skeletons
  A hog (Swamp:4)
  5 fire bats (Volcano)
  2 black mamba skeletons
  25 neqoxecs
  11 golden eyes
  12 vampire mosquitoes
  4 hungry ghosts
  7 chaos spawn
  8 small abominations
  A yaktaur simulacrum (Vaults:4)
  15 swamp worms
  6 insubstantial wisps (Swamp:1)
  Edmund (D:4)
  A naga (Zig:12)
  7 wargs
  8 spiny frog zombies
  A water moccasin (shapeshifter) (D:15)
  2 spatial vortices (Abyss:5)
  The ghost of gentoosiast the Magician, an amateur DEEE (D:3)
  15 soldier ants
  A torturous demonspawn skeleton (Crypt:2)
  11 water moccasins
  A floating eye (shapeshifter) (D:15)
  7 porcupines
  A gelid demonspawn skeleton (Crypt:3)
  41 hell hounds
  3 floating eyes
  2 hydra simulacra (Coc:5)
  3 spiny frog skeletons
  6 snapping turtle zombies
  Duvessa (D:6)
  A faun skeleton (Crypt:1)
  8 eyes of draining
  An ice dragon simulacrum (Tar:3)
  46 orc warriors
  11 swamp drakes
  4 swamp dragon zombies
  5 sky beasts
  2 ettin simulacra
  8 phantoms
  18 ice beasts
  A black mamba simulacrum (Abyss:2)
  A boggart (Abyss:5)
  2 black bears
  A manticore zombie (Coc:5)
  31 necrophages
  A boggart (shapeshifter) (D:15)
  2 elf skeletons
  27 wolves
  3 dream sheep skeletons
  A swamp dragon skeleton (Geh:7)
  7 snapping turtle skeletons
  46 ogres
  14 crocodiles
  4 big kobolds
  29 centaurs
  A big kobold (shapeshifter) (Depths:3)
  3 elf zombies
  A yaktaur zombie (Crypt:1)
  7 bullfrogs
  2 wyvern zombies
  A glowing shapeshifter simulacrum (Vaults:3)
  4 human skeletons
  3 earth elementals
  A shapeshifter zombie (Crypt:3)
  Dowan (D:6)
  9 scorpions
  24 killer bees
  78 wights
  A spriggan skeleton (Crypt:2)
  A troll zombie (Dis:7)
  3 howler monkeys
  3 centaur zombies
  An electric eel (Lair:4)
  2 bullfrog zombies
  15 crimson imps
  5 human zombies
  A quasit (Abyss:2)
  A black bear zombie (Crypt:2)
  12 iron imps
  2 jellies
  17 orc priests
  4 hounds
  Crazy Yiuf (D:6)
  4 centaur skeletons
  A gnoll shaman (D:5)
  2 iguanas
  39 orc wizards
  32 worker ants
  12 hell rats
  A tengu zombie (Geh:1)
  An ogre zombie (Coc:6)
  A naga zombie (Tar:2)
  3 hound zombies
  3 ogre skeletons
  A hound skeleton (D:6)
  49 mummies
  A howler monkey zombie (D:8)
  A worker ant zombie (D:7)
  A howler monkey skeleton (D:6)
  15 gnolls
  18 adders
  2 river rats
  13 shadow imps
  14 white imps
  2 ufetubi (Depths:3)
  3 oozes
  An adder zombie (Crypt:3)
  3 worms
  2 dart slugs
  4 leopard geckos
  104 orcs
  8 ball pythons
  9 giant cockroaches
  5 hobgoblins
  7 jackals
  3 quokkas
  8 bats
  6 frilled lizards
  7 goblins
  A hobgoblin zombie (Crypt:3)
  21 kobolds
  3 kobold skeletons
  2 leopard gecko skeletons (D:5)
  An orc skeleton (Tar:7)
  An orc zombie (Geh:7)
  A quokka skeleton (D:7)
  2 quokka zombies
  14 rats
  2 crawling corpses (Elf:3)
  6 fire vortices
  3 fungi
  4 plants (Lair:6)
  2 starspawn tentacles (Abyss:5)
  2 withered plants (Crypt:3)
4861 creatures vanquished.

Vanquished Creatures (others)
  A sphinx (Tomb:1)
  A cacodemon (Pan)
  A deep elf annihilator (Pan)
  A dancing weapon (Elf:3)
  A hell hog (Geh:7)
  A glowing orange brain (Pan)
  A deep elf mage (Depths:2)
  A hornet (Swamp:3)
  A yak (Zig:14)
  A fire elemental (Elf:2)
  A tarantella (Spider:2)
  A human (Swamp:4)
  A chaos spawn (Pan)
  A troll zombie (Geh:2)
  An orc priest (D:10)
  An iron imp (Dis:7)
  A centaur simulacrum (Hell)
  A tengu simulacrum (Hell)
  An ufetubus (Abyss:2)
  4 ball lightnings (Pan)
  2 orcs
  4 briar patches (Swamp:4)
  A bush (Swamp:4)
  3 demonic plants (Gauntlet)
  24 fungi
  A lurking horror (Abyss:5)
  9 plants
  5 starspawn tentacles
  5 tentacles
77 creatures vanquished.

Grand Total: 4938 creatures vanquished

Notes
Turn   | Place    | Note
-------+----------+-------------------------------------------
     0 | D:1      | feelmyfire the Demonspawn Gladiator began the quest for the
                  | Orb.
     0 | D:1      | Reached XP level 1. HP: 16/16 MP: 1/1
     6 | D:1      | Noticed a polar bear
     6 | D:1      | Noticed a water moccasin
     7 | D:1      | Noticed a four-headed hydra
     7 | D:1      | Noticed a redback
    79 | D:1      | Gained mutation: You are partially covered in iridescent
                  | scales. (AC +2) [demonic ancestry]
    79 | D:1      | Reached XP level 2. HP: 19/22 MP: 2/2
   459 | D:1      | Reached XP level 3. HP: 25/27 MP: 3/3
   965 | D:2      | Found a hazy altar of Hepliaklqana.
  1339 | D:2      | Gained mutation: You have a pair of small horns on your
                  | head. [demonic ancestry]
  1339 | D:2      | Reached XP level 4. HP: 26/33 MP: 4/4
  1852 | D:2      | Noticed Sigmund
  1875 | D:2      | Killed Sigmund
  1875 | D:2      | Gained mutation: You are mostly covered in iridescent
                  | scales. (AC +4) [demonic ancestry]
  1875 | D:2      | Reached XP level 5. HP: 14/38 MP: 5/5
  1901 | D:2      | Found a sacrificial altar of Ru.
  1902 | D:2      | Found a white marble altar of Elyvilon.
  2271 | D:3      | Gained mutation: You are partially covered in sharp spines.
                  | [demonic ancestry]
  2271 | D:3      | Reached XP level 6. HP: 44/44 MP: 6/6
  2520 | D:3      | Found a transporter.
  2613 | D:3      | Found a transporter.
  2721 | D:4      | Noticed Edmund
  2749 | D:4      | Killed Edmund
  2954 | D:4      | Reached XP level 7. HP: 34/50 MP: 7/7
  2982 | D:4      | Found a glowing drain.
  2994 | Sewer    | Entered a sewer
  4039 | D:4      | Reached XP level 8. HP: 55/56 MP: 8/8
  4074 | D:4      | Found a shimmering blue altar of Sif Muna.
  4220 | D:5      | Entered Level 5 of the Dungeon
  4309 | D:5      | Found a bloodstained altar of Trog.
  4506 | D:5      | Reached skill level 1 in Evocations
  4944 | D:5      | Found a shimmering blue altar of Sif Muna.
  5084 | D:6      | Found a staircase to the Ecumenical Temple.
  5088 | D:6      | Reached skill level 10 in Short Blades
  5172 | Temple   | Entered the Ecumenical Temple
  5381 | Temple   | Became a worshipper of Uskayaw the Reveler
  5453 | D:6      | Reached * piety under Uskayaw
  5454 | D:6      | Reached ** piety under Uskayaw
  5464 | D:6      | Found a transporter.
  5466 | D:6      | Noticed Lentor's ghost (novice GrFi)
  5475 | D:6      | Found a transporter.
  5543 | D:6      | Found a glowing silver altar of Zin.
  5543 | D:6      | Found an iron altar of Okawaru.
  5552 | D:6      | Found a snail-covered altar of Cheibriados.
  5554 | D:6      | Found an ornate altar of the Wu Jian Council.
  5556 | D:6      | Found a radiant altar of Vehumet.
  5733 | D:6      | Found a runed translucent door.
  5734 | D:6      | Noticed Crazy Yiuf
  5734 | D:6      | Noticed Dowan
  5736 | D:6      | Noticed Duvessa
  5808 | D:6      | Reached *** piety under Uskayaw
  5813 | D:6      | Reached **** piety under Uskayaw
  5820 | D:6      | Found a basalt altar of Yredelemnul.
  5911 | D:6      | Found a burning altar of Makhleb.
  5914 | D:6      | Noticed a blizzard demon
  6214 | D:6      | Killed Crazy Yiuf
  6221 | D:6      | Killed Dowan
  6221 | D:6      | Reached XP level 9. HP: 59/61 MP: 12/12
  6224 | D:6      | Killed Duvessa
  7081 | D:7      | Reached skill level 5 in Evocations
  7392 | D:8      | Found a staircase to the Lair.
  7735 | D:8      | Noticed a two-headed ogre
  7744 | D:8      | Killed a two-headed ogre
  8281 | D:9      | Gained mutation: You are completely covered in iridescent
                  | scales. (AC +6) [demonic ancestry]
  8281 | D:9      | Reached XP level 10. HP: 60/67 MP: 14/14
  8407 | D:9      | Reached ***** piety under Uskayaw
  8908 | D:9      | Reached skill level 1 in Invocations
  8958 | D:10     | Entered Level 10 of the Dungeon
  8963 | D:10     | Noticed a gargoyle
  8979 | D:10     | Killed a gargoyle
  9057 | D:10     | Noticed a gargoyle
  9072 | D:10     | Killed a gargoyle
  9077 | D:10     | Reached ****** piety under Uskayaw
  9272 | D:10     | Found a staircase to the Orcish Mines.
  9722 | D:10     | Found Riobuti's Food Shop.
  9825 | D:11     | Gained mutation: You are mostly covered in sharp spines.
                  | [demonic ancestry]
  9825 | D:11     | Reached XP level 11. HP: 78/78 MP: 15/15
  9826 | D:11     | Reached skill level 5 in Invocations
  9986 | D:11     | Reached skill level 5 in Dodging
  9986 | D:11     | Reached skill level 5 in Fighting
 10191 | D:11     | Noticed Joseph
 10193 | D:11     | Noticed Harold
 10193 | D:11     | Noticed Urug
 10600 | D:11     | Noticed a red ugly thing
 10611 | D:11     | Killed a red ugly thing
 10743 | D:11     | Noticed a +5 double sword
 10774 | D:10     | Killed Harold
 11166 | D:10     | Killed Joseph
 11226 | D:11     | Killed Urug
 11753 | Lair:1   | Entered Level 1 of the Lair of Beasts
 12630 | Lair:2   | Reached XP level 12. HP: 50/89 MP: 18/18
 12969 | Lair:2   | Noticed a five-headed hydra
 13386 | Lair:2   | Killed a five-headed hydra
 13665 | Lair:2   | Found a hole to the Spider Nest.
 13864 | Lair:2   | Noticed a queen ant
 13894 | Lair:2   | Killed a queen ant
 13911 | Lair:2   | Noticed an eight-headed hydra
 13925 | Lair:2   | Killed an eight-headed hydra
 14679 | Lair:3   | Noticed an eight-headed hydra
 14689 | Lair:3   | Killed an eight-headed hydra
 14689 | Lair:3   | Reached skill level 10 in Invocations
 14730 | Lair:3   | Noticed a five-headed hydra
 14745 | Lair:3   | Killed a five-headed hydra
 15211 | Lair:4   | Noticed an eight-headed hydra
 15222 | Lair:4   | Killed an eight-headed hydra
 15228 | Lair:4   | Found a dark tunnel.
 15307 | Volcano  | Entered a volcano
 15993 | Volcano  | Reached XP level 13. HP: 101/101 MP: 21/21
 16058 | Volcano  | Noticed a fire dragon
 16078 | Volcano  | Killed a fire dragon
 17320 | Lair:4   | Found a staircase to the Swamp.
 17958 | Lair:5   | Reached skill level 10 in Fighting
 18386 | Lair:6   | Entered Level 6 of the Lair of Beasts
 18386 | Lair:6   | Found a frozen archway.
 18413 | IceCv    | Entered an ice cave
 18979 | IceCv    | Reached skill level 10 in Dodging
 19903 | IceCv    | Noticed a white draconian
 19923 | IceCv    | Killed a white draconian
 19923 | IceCv    | Gained mutation: You are immune to rotting. [demonic
                  | ancestry]
 19923 | IceCv    | Reached XP level 14. HP: 102/111 MP: 23/23
 20167 | IceCv    | Got a glittering turquoise ring
 20202 | IceCv    | Identified the ring of the Five Stories {Fire Int+2 Dex+3
                  | Slay+3} (You found it in an ice cave)
 20259 | Lair:6   | Found a staircase to the Slime Pits.
 20259 | Lair:6   | Found a viscous altar of Jiyva.
 22532 | D:12     | Reached skill level 1 in Armour
 23249 | D:13     | Found an ornate altar of the Wu Jian Council.
 23472 | D:13     | Found a gate to the Vaults.
 23686 | D:14     | Found a runed translucent gate.
 23687 | D:14     | Found a runed translucent gate.
 23688 | D:14     | Found a runed translucent gate.
 23689 | D:14     | Found an opulent altar of Gozag.
 23698 | D:14     | Found Cashreo's Assorted Antiques.
 23698 | D:14     | Noticed a tengu reaver
 23699 | D:14     | Noticed Qudghomp's ghost (journeyman GrEE)
 23765 | D:14     | Found a hazy altar of Hepliaklqana.
 24951 | D:15     | Entered Level 15 of the Dungeon
 24987 | D:15     | Paralysed by a floating eye for 2 turns
 24994 | D:15     | Gained mutation: You have a pair of horns on your head.
                  | [demonic ancestry]
 24994 | D:15     | Reached XP level 15. HP: 100/120 MP: 26/26
 25427 | D:15     | Reached skill level 15 in Invocations
 25727 | D:15     | Found a staircase to the Depths.
 25895 | Orc:1    | Entered Level 1 of the Orcish Mines
 26225 | Orc:2    | Entered Level 2 of the Orcish Mines
 26280 | Orc:2    | Found a gate leading to a gauntlet.
 26289 | Gauntlet | Entered a Gauntlet
 26289 | Gauntlet | Found a transporter.
 26289 | Gauntlet | Found a transporter.
 26307 | Gauntlet | Found a transporter.
 26311 | Gauntlet | Found a transporter.
 26319 | Gauntlet | Found a transporter.
 26323 | Gauntlet | Found a transporter.
 26331 | Gauntlet | Found a transporter.
 26347 | Gauntlet | Found a transporter.
 26361 | Gauntlet | Found a transporter.
 26365 | Gauntlet | Found a transporter.
 26373 | Gauntlet | Found a transporter.
 26377 | Gauntlet | Found a transporter.
 26757 | Gauntlet | Got a steaming plate armour
 26792 | Gauntlet | Identified the +4 hunting sling "Meuk" {venom, Dex+4}
 26799 | Gauntlet | Reached skill level 5 in Armour
 26903 | Orc:2    | Noticed Rupert
 26913 | Orc:2    | Killed Rupert
 26925 | Orc:2    | Found a staircase to the Elven Halls.
 26936 | Orc:2    | Identified the cursed +0 plate armour of Fomeeme {Str+3}
                  | (You found it in a Gauntlet)
 27049 | Orc:2    | Found Cigoon's Food Shoppe.
 27065 | Orc:2    | Noticed Nessos
 27076 | Orc:2    | Killed Nessos
 27255 | Orc:2    | Found an ancient bone altar of Kikubaaqudgha.
 27255 | Orc:2    | Noticed Nergalle
 27268 | Orc:2    | Paralysed by an orc sorcerer for 6 turns
 27277 | Orc:2    | Killed Nergalle
 27284 | Orc:2    | Found Pedioree's Distillery.
 27418 | Orc:2    | Found a radiant altar of Vehumet.
 27425 | Orc:2    | Bought a potion of heal wounds for 75 gold pieces
 27425 | Orc:2    | Bought a potion of heal wounds for 75 gold pieces
 27541 | Orc:2    | Found a roughly hewn altar of Beogh.
 27541 | Orc:2    | Found Wawaalul's Antique Armour Shop.
 27654 | Orc:2    | Found Omuyduly's Book Shop.
 27662 | Orc:2    | Found Bareqet's Book Boutique.
 27688 | Orc:2    | Bought a warped plate armour for 1036 gold pieces
 27698 | Orc:2    | Identified the cursed +0 plate armour of Ywab Xam {Int+7}
                  | (You bought it in a shop on level 2 of the Orcish Mines)
 28333 | Swamp:1  | Entered Level 1 of the Swamp
 29601 | Swamp:2  | Reached skill level 15 in Short Blades
 29705 | Swamp:2  | Noticed a thorn hunter
 29733 | Swamp:2  | Killed a thorn hunter
 29733 | Swamp:2  | Reached XP level 16. HP: 102/131 MP: 28/28
 30386 | Swamp:3  | Reached skill level 1 in Shields
 32051 | Swamp:4  | Entered Level 4 of the Swamp
 32090 | Swamp:4  | Noticed Kirke
 32722 | Swamp:4  | Killed Kirke
 32761 | Swamp:4  | Noticed the 27-headed Lernaean hydra
 32767 | Swamp:4  | Killed the 27-headed Lernaean hydra
 32894 | Swamp:4  | Noticed a thorn hunter
 33256 | Swamp:4  | Killed a thorn hunter
 33524 | Swamp:4  | Noticed Roxanne
 33862 | Swamp:4  | Got a decaying rune of Zot
 34262 | Vaults:1 | Entered Level 1 of the Vaults
 34477 | Vaults:1 | Gained mutation: You may emit foul miasma when damaged in
                  | melee. [demonic ancestry]
 34477 | Vaults:1 | Reached XP level 17. HP: 126/139 MP: 29/29
 34836 | Vaults:1 | Reached skill level 5 in Shields
 37048 | Vaults:2 | Found Liorph's Armour Shoppe.
 37048 | Vaults:2 | Noticed a lich
 37062 | Vaults:2 | Paralysed by a lich for 6 turns
 37077 | Vaults:1 | Reached skill level 15 in Fighting
 37428 | Vaults:2 | Identified a scroll of acquirement
 37454 | Vaults:2 | Reached skill level 10 in Armour
 37817 | Vaults:2 | Gained mutation: You are completely covered in sharp
                  | spines. [demonic ancestry]
 37817 | Vaults:2 | Reached XP level 18. HP: 149/149 MP: 31/31
 38297 | Vaults:2 | Paralysed by a lich for 4 turns
 38302 | Vaults:2 | Killed a lich
 38613 | Vaults:2 | Found a staircase to the Crypt.
 38750 | Vaults:2 | Bought the +5 buckler of Inevitability {Regen+ rCorr Int+6}
                  | for 1148 gold pieces
 39345 | Elf:1    | Entered Level 1 of the Elven Halls
 39377 | Elf:1    | Found Misuetro's Food Emporium.
 39568 | Elf:1    | Found Ofiv's Jewellery Shoppe.
 39671 | Elf:1    | Bought the amulet "Egav" {Spirit rF+ rC+ Dex+5} for 1107
                  | gold pieces
 40211 | Elf:1    | Identified the Papyrus of Stolen Souls
 40664 | Elf:2    | Found a huge runed translucent gate.
 40664 | Elf:2    | Found a huge runed translucent gate.
 40669 | Elf:2    | Found a huge runed translucent gate.
 40670 | Elf:2    | Found a huge runed translucent gate.
 40670 | Elf:2    | Found a huge runed translucent gate.
 40958 | Elf:3    | Entered Level 3 of the Elven Halls
 41285 | Elf:3    | Gained mutation: Your magical and physical power is
                  | slightly enhanced at high health. [demonic ancestry]
 41285 | Elf:3    | Reached XP level 19. HP: 157/157 MP: 32/32
 41370 | Elf:3    | Found Fiqug's Food Shop.
 41621 | Elf:3    | Found Ydghyf's Gadget Emporium.
 41622 | Elf:3    | Found Weenn's Jewellery Boutique.
 41623 | Elf:3    | Found Oroasi Muoh's Gadget Emporium.
 41853 | Elf:3    | Cast into level 2 of the Abyss (a deep elf sorcerer)
 41900 | Abyss:2  | Found a transporter.
 42139 | Abyss:2  | Gained mutation: Your body sometimes deteriorates upon
                  | taking damage. [a neqoxec]
 42262 | Elf:3    | Escaped the Abyss
 42268 | Elf:3    | Identified the +6 dagger "Uci Zuco" {pain, Int+3}
 42294 | Elf:3    | Identified the +4 war axe "Ytaune" {protect, rC+ MP-9 Dex+4
                  | SInv}
 42303 | Elf:3    | Identified the +1 leather armour "Ryvojiew" {rC++ Dex+4}
 42318 | Elf:3    | Noticed a Tzitzimitl
 43064 | Elf:3    | Identified Toil's Incunabulum of the Enchanting Arsonist
 43074 | Elf:3    | Got a pair of bloodstained boots
 43085 | Elf:3    | Identified the +0 pair of boots "Loxtuw" {+Inv Int+2} (You
                  | found it on level 3 of the Elven Halls)
 44409 | Depths:1 | Entered Level 1 of the Depths
 44409 | Depths:1 | Noticed Asterion
 44422 | Depths:1 | Killed Asterion
 44478 | Depths:1 | Found a one-way gate leading to the halls of Pandemonium.
 44487 | Depths:1 | Noticed Sojobo
 44504 | Depths:1 | Killed Sojobo
 44504 | Depths:1 | Gained mutation: You have a pair of large horns on your
                  | head. [demonic ancestry]
 44504 | Depths:1 | Reached XP level 20. HP: 130/167 MP: 28/34
 45385 | Depths:1 | Found a gateway to Hell.
 45686 | Depths:1 | Identified the Disquisition on Clay and Hexes
 45822 | Depths:2 | Found a gateway to a ziggurat.
 46844 | Depths:3 | Noticed a golden dragon
 46878 | Depths:3 | Killed a golden dragon
 46881 | Depths:3 | Reached XP level 21. HP: 160/176 MP: 30/35
 46924 | Depths:3 | Got a diamond-encrusted plate armour
 46935 | Depths:3 | Identified the +0 plate armour of Temperance {+Fly} (You
                  | found it on level 3 of the Depths)
 48161 | Depths:4 | Noticed Louise
 48168 | Depths:4 | Found a one-way gate to the infinite horrors of the Abyss.
 48178 | Depths:4 | Killed Louise
 48288 | Depths:4 | Paralysed by a sphinx for 7 turns
 48484 | Depths:4 | Noticed a juggernaut
 48497 | Depths:4 | Killed a juggernaut
 48501 | Depths:4 | Noticed a golden dragon
 48537 | Depths:4 | Killed a golden dragon
 48554 | Depths:4 | Paralysed by a floating eye for 3 turns
 48787 | Depths:4 | Reached XP level 22. HP: 147/186 MP: 30/37
 49236 | Depths:5 | Entered Level 5 of the Depths
 49309 | Depths:5 | Noticed a juggernaut
 49328 | Depths:5 | Killed a juggernaut
 49389 | Depths:5 | Noticed a juggernaut
 49413 | Depths:5 | Killed a juggernaut
 49439 | Depths:5 | Noticed a caustic shrike
 49439 | Depths:5 | Noticed a caustic shrike
 49439 | Depths:5 | Noticed a caustic shrike
 49447 | Depths:5 | Killed a caustic shrike
 49449 | Depths:5 | Killed a caustic shrike
 49449 | Depths:5 | Reached skill level 15 in Armour
 49452 | Depths:5 | Killed a caustic shrike
 50413 | Depths:5 | Reached skill level 15 in Dodging
 50441 | Depths:5 | Noticed a golden dragon
 50453 | Depths:5 | Noticed a golden dragon
 50457 | Depths:5 | Killed a golden dragon
 50462 | Depths:5 | Killed a golden dragon
 50464 | Depths:5 | Found a gate to the Realm of Zot.
 50791 | Depths:5 | Paralysed by a vampire knight for 3 turns
 50802 | Depths:5 | Gained mutation: Your magical and physical power is
                  | enhanced at high health. [demonic ancestry]
 50802 | Depths:5 | Reached XP level 23. HP: 166/194 MP: 32/38
 51341 | Spider:1 | Entered Level 1 of the Spider Nest
 51600 | Spider:1 | Noticed Aizul
 51613 | Spider:1 | Killed Aizul
 53270 | Spider:4 | Entered Level 4 of the Spider Nest
 53701 | Spider:4 | Got a gossamer rune of Zot
 55350 | Vaults:3 | Reached XP level 24. HP: 196/204 MP: 37/39
 56121 | Vaults:4 | Found a shadowy altar of Dithmenos.
 57191 | Vaults:4 | Noticed Frederick
 57200 | Vaults:4 | Killed Frederick
 57247 | Vaults:4 | Found Uxeul's Food Shop.
 57401 | Vaults:5 | Entered Level 5 of the Vaults
 57702 | Vaults:5 | Got a silver rune of Zot
 58005 | Vaults:5 | Gained mutation: You frequently emit foul miasma when
                  | damaged in melee. [demonic ancestry]
 58005 | Vaults:5 | Reached XP level 25. HP: 214/214 MP: 39/39
 58551 | Vaults:5 | Noticed an ancient lich
 58580 | Vaults:5 | Killed an ancient lich
 58640 | Vaults:5 | Got a bound amethyst amulet
 58641 | Vaults:5 | Identified the amulet of Divine Intervention {Gourm
                  | *Corrode rPois rC++ Str+2 Slay+3} (You found it on level 5
                  | of the Vaults)
 59095 | Crypt:1  | Entered Level 1 of the Crypt
 59482 | Crypt:1  | Got a heavily runed cloak
 59493 | Crypt:1  | Identified the cursed +0 cloak of the True Pharaoh {*Slow
                  | rN+++ Int+6 Dex-2} (You found it on level 1 of the Crypt)
 59967 | Crypt:2  | Identified the cursed +0 shield of Insatiable Hunger {Str+4
                  | Int+2}
 59967 | Crypt:2  | Noticed Donald
 59983 | Crypt:2  | Killed Donald
 60809 | Crypt:3  | Entered Level 3 of the Crypt
 60892 | Crypt:3  | Found a staircase to the Tomb.
 61089 | Crypt:3  | Found a basalt altar of Yredelemnul.
 61102 | Crypt:3  | Gained mutation: Your magical and physical power is greatly
                  | enhanced at high health. [demonic ancestry]
 61102 | Crypt:3  | Reached XP level 26. HP: 224/224 MP: 40/40
 61123 | Crypt:3  | Identified the Papyrus of a Million Tables
 61363 | Crypt:3  | Noticed an ancient lich
 61377 | Crypt:3  | Killed an ancient lich
 61377 | Crypt:3  | Reached skill level 27 in Invocations
 61418 | Crypt:3  | Got a coiled silver amulet
 61419 | Crypt:3  | Identified the amulet "Put-Me-On" {+Rage rElec Slay+2} (You
                  | found it on level 3 of the Crypt)
 62029 | Crypt:3  | Got a crude granite ring
 62029 | Crypt:3  | Got a steaming granite ring
 62030 | Crypt:3  | Identified the ring of Beriestu {rN+ Int+4 Dex+7} (You
                  | found it on level 3 of the Crypt)
 62031 | Crypt:3  | Identified the ring "Duahu" {rElec rF+++ rN+ Str+2 Slay-2}
                  | (You found it on level 3 of the Crypt)
 62440 | D:3      | Noticed gentoosiast's ghost (amateur DEEE)
 62446 | D:3      | Killed gentoosiast's ghost
 62618 | D:6      | Killed Lentor's ghost
 62820 | D:14     | Killed Qudghomp's ghost
 62844 | D:14     | Bought a potion of heal wounds for 170 gold pieces
 62844 | D:14     | Bought a potion of mutation for 272 gold pieces
 63409 | Depths:2 | Noticed Boris
 63422 | Depths:2 | Killed Boris
 63423 | Depths:2 | Found a radiant altar of Vehumet.
 63969 | Zot:1    | Entered Level 1 of the Realm of Zot
 64558 | Zot:1    | Noticed an orb of fire
 64574 | Zot:1    | Killed an orb of fire
 64865 | Zot:2    | Reached XP level 27. HP: 158/235 MP: 28/40
 65135 | Zot:2    | Noticed an orb of fire
 65162 | Zot:2    | Gained mutation: Your magical capacity is low. (-10% MP)
                  | [an orb of fire]
 65165 | Zot:2    | Killed an orb of fire
 66209 | Zot:3    | Noticed an orb of fire
 66223 | Zot:3    | Killed an orb of fire
 67325 | Zot:4    | Found a glowing golden altar of the Shining One.
 67776 | Zot:5    | Entered Level 5 of the Realm of Zot
 68090 | Zot:5    | Noticed an orb of fire
 68095 | Zot:5    | Gained mutation: You occasionally shout uncontrollably at
                  | your foes. [an orb of fire]
 68108 | Zot:5    | Killed an orb of fire
 68650 | Zig:1    | Entered Level 1 of a ziggurat
 68676 | Zig:2    | Entered Level 2 of a ziggurat
 68703 | Zig:3    | Entered Level 3 of a ziggurat
 68742 | Zig:4    | Entered Level 4 of a ziggurat
 68824 | Zig:5    | Entered Level 5 of a ziggurat
 68867 | Zig:6    | Entered Level 6 of a ziggurat
 68875 | Zig:6    | Noticed an ancient lich
 68875 | Zig:6    | Noticed an ancient lich
 68889 | Zig:6    | Killed an ancient lich
 68894 | Zig:6    | Killed an ancient lich
 68917 | Zig:7    | Entered Level 7 of a ziggurat
 68996 | Zig:8    | Entered Level 8 of a ziggurat
 69002 | Zig:8    | Noticed an ancient lich
 69014 | Zig:8    | Killed an ancient lich
 69038 | Zig:8    | Got a faintly glowing tin ring
 69054 | Zig:8    | Identified the ring of Foisok {rPois rF+++ MR- Int+5} (You
                  | found it on level 8 of a ziggurat)
 69057 | Zig:8    | Got a sparkling golden ring
 69058 | Zig:8    | Identified the ring "Wahi" {rF+ Str+3} (You found it on
                  | level 8 of a ziggurat)
 69067 | Zig:9    | Entered Level 9 of a ziggurat
 69106 | Zig:9    | Identified Ablyef's Disquisition on Stones
 69108 | Zig:9    | Identified the Compendium of the Boosting Voyage
 69150 | Zig:10   | Entered Level 10 of a ziggurat
 69159 | Zig:10   | Gained mutation: Armour fits poorly on your strangely
                  | shaped body. [a shining eye]
 69161 | Zig:10   | Found the +3 sling "Punk" {acid, rCorr}
 69234 | Zig:11   | Entered Level 11 of a ziggurat
 69257 | Zig:11   | Found the +8 whip "Snakebite" {curare, rPois}
 69285 | Zig:11   | Got a clouded turquoise ring
 69310 | Zig:11   | Identified the ring "Kuoni" {Fire *Corrode rPois Str+2}
                  | (You found it on level 11 of a ziggurat)
 69313 | Zig:12   | Entered Level 12 of a ziggurat
 69386 | Zig:12   | Got an ancient garnet amulet
 69387 | Zig:12   | Identified the amulet of Yreomuoh {+Rage rN+ Str+3} (You
                  | found it on level 12 of a ziggurat)
 69392 | Zig:12   | Got a flickering iron ring
 69402 | Zig:12   | Got a sparkling lead ring
 69414 | Zig:12   | Identified the ring "Donov" {rF- rCorr SInv Stlth+} (You
                  | found it on level 12 of a ziggurat)
 69415 | Zig:12   | Identified the cursed ring of Bobial {rPois rF- rC+ Int-2}
                  | (You found it on level 12 of a ziggurat)
 69431 | Zig:13   | Entered Level 13 of a ziggurat
 69491 | Zig:13   | Identified the Tome of Cloudy Poison
 69556 | Zig:14   | Entered Level 14 of a ziggurat
 69660 | Zig:14   | Got a warped golden ring
 69669 | Zig:14   | Identified the Compendium of the Feathery Volcanoes
 69672 | Zig:14   | Identified the ring "Menkuqos" {+Fly rN+ Str+6} (You found
                  | it on level 14 of a ziggurat)
 69713 | Zig:15   | Entered Level 15 of a ziggurat
 69730 | Zig:15   | Noticed Soycwuxtycuxt the pandemonium lord
 69732 | Zig:15   | Noticed Pirix the pandemonium lord
 69732 | Zig:15   | Noticed Diar the pandemonium lord
 69733 | Zig:15   | Noticed Nimm the pandemonium lord
 69749 | Zig:15   | Killed Soycwuxtycuxt the pandemonium lord
 69757 | Zig:15   | Got a pair of fine gloves
 69805 | Depths:2 | Identified the +2 pair of gloves of Follow the Leader
                  | {rPois MR+ Regen+ Int-2} (You found it on level 15 of a
                  | ziggurat)
 69818 | Depths:2 | Got a crude cloak
 69821 | Depths:2 | Identified the +1 cloak of Siedd {+Fly rPois rC+ Int-4}
                  | (You acquired it on level 2 of the Depths)
 69920 | Pan      | Entered Pandemonium
 70236 | Pan      | Noticed Mudo the pandemonium lord
 70251 | Pan      | Killed Mudo the pandemonium lord
 70577 | Pan      | Reached skill level 1 in Stealth
 70785 | Pan      | Identified the Almanac of the Entourage and Stones
 70830 | Pan      | Reached skill level 5 in Stealth
 71448 | Pan      | Found a glowing silver altar of Zin.
 72014 | Pan      | Got a brightly glowing plate armour
 72015 | Pan      | Identified the +5 plate armour of Betz {*Drain Regen+ SInv
                  | Stlth+} (You acquired it in Pandemonium)
 72138 | Pan      | Noticed a seraph
 72140 | Pan      | Identified the cursed +0 large shield of the Lumpy Yaks
                  | {rF++ MR- Dex-5 SInv}
 72140 | Pan      | Identified the +1 large shield of Broken Taboos {Slay+2}
 72140 | Pan      | Killed a seraph
 72140 | Pan      | Found a glowing golden altar of the Shining One.
 72265 | Pan      | Identified the +6 short sword of Nadomo {flame, MR+} (You
                  | found it in Pandemonium)
 72270 | Pan      | Got a demonic rune of Zot
 72378 | Pan      | Reached skill level 10 in Stealth
 73058 | Pan      | Identified the +2 great mace "Xiuwecabb" {crush, *Noise MR+
                  | Int+4}
 73216 | Pan      | Found a huge runed translucent gate.
 73216 | Pan      | Found a huge runed translucent gate.
 73216 | Pan      | Found a huge runed translucent gate.
 73219 | Pan      | Found a huge runed translucent gate.
 73219 | Pan      | Found a huge runed translucent gate.
 73219 | Pan      | Found a huge runed translucent gate.
 73220 | Pan      | Found a huge runed translucent gate.
 73239 | Pan      | Noticed Igoetiha the pandemonium lord
 73240 | Pan      | Gained mutation: Scrolls take you a little longer to read.
                  | [a neqoxec]
 73248 | Pan      | Killed Igoetiha the pandemonium lord
 73389 | Pan      | Noticed Rocwasyu the pandemonium lord
 73398 | Pan      | Killed Rocwasyu the pandemonium lord
 73527 | Pan      | Entered the realm of Cerebov.
 73681 | Pan      | Identified the cursed +0 shield of Honikh {rPois} (You
                  | found it in Pandemonium)
 73900 | Pan      | Identified Mnoleg's Almanac of Calling
 73996 | Pan      | Identified the +9 rapier of the Trees {flame, *Drain +Blink
                  | rElec rF++} (You found it in Pandemonium)
 74090 | Pan      | Identified the +6 sword of Cerebov {flame}
 74090 | Pan      | Noticed Cerebov
 74112 | Pan      | Killed Cerebov
 74178 | Pan      | Identified the +1 pair of gloves of Mirth {rC+} (You found
                  | it in Pandemonium)
 74208 | Pan      | Got a fiery rune of Zot
 74305 | Pan      | Entered the realm of Gloorx Vloq.
 74778 | Pan      | Noticed Gloorx Vloq
 74784 | Pan      | Killed Gloorx Vloq
 74812 | Pan      | Got a dark rune of Zot
 75109 | Pan      | Identified the cursed +0 large shield "Kikaghoc" {Int+8
                  | Slay+2 Stlth+}
 75175 | Pan      | Entered the realm of Mnoleg.
 75246 | Pan      | Noticed Mnoleg
 75247 | Pan      | Gained mutation: You are dopey. (Int -2) [a neqoxec]
 75253 | Pan      | Killed Mnoleg
 75253 | Pan      | Gained mutation: You sometimes yell uncontrollably at your
                  | foes. [a cacodemon]
 75256 | Pan      | Gained mutation: Your magical capacity is very low. (-20%
                  | MP) [a neqoxec]
 75269 | Pan      | Gained mutation: You frequently scream uncontrollably at
                  | your foes. [a neqoxec]
 75288 | Pan      | Gained mutation: Your spells are a little easier to cast,
                  | but a little less powerful. [a neqoxec]
 75314 | Pan      | Lost mutation: Your body sometimes deteriorates upon taking
                  | damage. [a cacodemon]
 75317 | Pan      | Gained mutation: Your magical capacity is extremely low.
                  | (-30% MP) [a cacodemon]
 75321 | Pan      | Gained mutation: You are very dopey. (Int -4) [a cacodemon]
 75323 | Pan      | Reached skill level 27 in Fighting
 75326 | Pan      | Paralysed by a floating eye for 2 turns
 75358 | Pan      | Got a glowing rune of Zot
 75849 | Pan      | Entered the realm of Lom Lobon.
 76059 | Pan      | Reached skill level 15 in Stealth
 76087 | Pan      | Noticed Lom Lobon
 76113 | Pan      | Killed Lom Lobon
 76133 | Pan      | Got a magical rune of Zot
 77341 | Pan      | Noticed Taockati the pandemonium lord
 77345 | Pan      | Gained mutation: You are weak. (Str -2) [a cacodemon]
 77368 | Pan      | Killed Taockati the pandemonium lord
 77440 | Pan      | Found a runed translucent door.
 78218 | Pan      | Gained mutation: You are frail. (-10% HP) [a neqoxec]
 78237 | Depths:1 | Escaped Pandemonium
 78526 | Slime:1  | Entered Level 1 of the Pits of Slime
 78559 | Slime:2  | Gained mutation: You are very frail. (-20% HP) [a shining
                  | eye]
 78774 | Slime:3  | Gained mutation: Your body sometimes deteriorates upon
                  | taking damage. [a shining eye]
 78818 | Slime:3  | Gained mutation: You are extremely frail. (-30% HP) [a
                  | shining eye]
 79011 | Slime:3  | Gained mutation: Scrolls take you longer to read. [a
                  | shining eye]
 79015 | Slime:3  | Gained mutation: Scrolls take you much longer to read. [a
                  | shining eye]
 79024 | Slime:3  | Lost mutation: You are extremely frail. (-30% HP) [potion
                  | of mutation]
 79024 | Slime:3  | Lost mutation: Scrolls take you much longer to read.
                  | [potion of mutation]
 79024 | Slime:3  | Gained mutation: You have a beak for a mouth. [potion of
                  | mutation]
 79025 | Slime:3  | Lost mutation: Your body sometimes deteriorates upon taking
                  | damage. [potion of mutation]
 79025 | Slime:3  | Lost mutation: You are weak. (Str -2) [potion of mutation]
 79025 | Slime:3  | Lost mutation: Your spells are a little easier to cast, but
                  | a little less powerful. [potion of mutation]
 79025 | Slime:3  | Gained mutation: You have sharp toenails. [potion of
                  | mutation]
 79086 | Slime:4  | Gained mutation: Your spells are a little easier to cast,
                  | but a little less powerful. [a shining eye]
 79149 | Slime:5  | Entered Level 5 of the Pits of Slime
 79200 | Slime:5  | Noticed the Royal Jelly
 79205 | Slime:5  | Killed the Royal Jelly
 79513 | Slime:5  | Gained mutation: Your body sometimes deteriorates upon
                  | taking damage. [a shining eye]
 79745 | Slime:5  | Gained mutation: You are extremely frail. (-30% HP) [a
                  | shining eye]
 79806 | Slime:5  | Got a slimy rune of Zot
 79866 | Slime:5  | Got a brightly glowing steel ring
 79869 | Slime:5  | Identified the ring "Byciemy" {rPois rC+} (You found it on
                  | level 5 of the Pits of Slime)
 80522 | Hell     | Entered the Vestibule of Hell
 80522 | Hell     | Noticed Geryon
 80535 | Hell     | Killed Geryon
 80671 | Hell     | Found a gateway to the freezing wastes of Cocytus.
 80864 | Hell     | Found a gateway to the decaying netherworld of Tartarus.
 80918 | Hell     | Found a gateway to the ashen valley of Gehenna.
 80966 | Geh:1    | Entered Level 1 of Gehenna
 81114 | Geh:2    | Lost mutation: Armour fits poorly on your strangely shaped
                  | body. [potion of mutation]
 81114 | Geh:2    | Lost mutation: You frequently scream uncontrollably at your
                  | foes. [potion of mutation]
 81114 | Geh:2    | Lost mutation: You are very dopey. (Int -4) [potion of
                  | mutation]
 81114 | Geh:2    | Lost mutation: You are extremely frail. (-30% HP) [potion
                  | of mutation]
 81114 | Geh:2    | Lost mutation: Your body sometimes deteriorates upon taking
                  | damage. [potion of mutation]
 81114 | Geh:2    | Gained mutation: You are resistant to hostile enchantments.
                  | (MR+) [potion of mutation]
 81114 | Geh:2    | Lost mutation: You are very frail. (-20% HP) [potion of
                  | mutation]
 81125 | Geh:2    | Lost mutation: You are resistant to hostile enchantments.
                  | (MR+) [potion of mutation]
 81125 | Geh:2    | Lost mutation: Your magical capacity is extremely low.
                  | (-30% MP) [potion of mutation]
 81125 | Geh:2    | Lost mutation: You are frail. (-10% HP) [potion of
                  | mutation]
 81125 | Geh:2    | Lost mutation: You sometimes yell uncontrollably at your
                  | foes. [potion of mutation]
 81125 | Geh:2    | Gained mutation: You are robust. (+10% HP) [potion of
                  | mutation]
 81125 | Geh:2    | Lost mutation: Your spells are a little easier to cast, but
                  | a little less powerful. [potion of mutation]
 81126 | Geh:2    | Lost mutation: You occasionally shout uncontrollably at
                  | your foes. [potion of mutation]
 81126 | Geh:2    | Lost mutation: Scrolls take you longer to read. [potion of
                  | mutation]
 81126 | Geh:2    | Gained mutation: You possess an exceptional clarity of
                  | mind. [potion of mutation]
 81127 | Geh:2    | Lost mutation: Scrolls take you a little longer to read.
                  | [potion of mutation]
 81127 | Geh:2    | Lost mutation: You possess an exceptional clarity of mind.
                  | [potion of mutation]
 81127 | Geh:2    | Lost mutation: You are dopey. (Int -2) [potion of mutation]
 81127 | Geh:2    | Lost mutation: You have a beak for a mouth. [potion of
                  | mutation]
 81127 | Geh:2    | Gained mutation: You are somewhat resistant to further
                  | mutation. [potion of mutation]
 81572 | Geh:4    | You are sucked into a shaft and drop 2 floors!
 81592 | Geh:6    | Lost mutation: You are robust. (+10% HP) [mutagenic glow]
 81790 | Geh:6    | Gained mutation: Armour fits poorly on your strangely
                  | shaped body. [mutagenic glow]
 82087 | Geh:7    | Entered Level 7 of Gehenna
 82653 | Geh:7    | Identified the +7 sceptre of Asmodeus
 82653 | Geh:7    | Noticed Asmodeus
 82668 | Geh:7    | Killed Asmodeus
 82682 | Geh:7    | Got an obsidian rune of Zot
 82900 | Tar:1    | Entered Level 1 of Tartarus
 83665 | Tar:3    | Reached skill level 27 in Armour
 84218 | Tar:5    | You are sucked into a shaft and drop 1 floor!
 84227 | Tar:6    | Paralysed by an eldritch tentacle for 3 turns
 84510 | Tar:7    | Entered Level 7 of Tartarus
 84800 | Tar:7    | Noticed an ancient lich
 84803 | Tar:7    | Noticed an ancient lich
 84813 | Tar:7    | Killed an ancient lich
 84816 | Tar:7    | Killed an ancient lich
 84820 | Tar:7    | Identified the Grimoire of Earthen Snow
 84860 | Tar:7    | Identified the Volume of Flames and Transformation
 85136 | Tar:7    | Found the cursed +14 obsidian axe {chop, +Fly SInv *Curse}
 85136 | Tar:7    | Noticed an ancient lich
 85168 | Tar:7    | Killed an ancient lich
 85475 | Tar:7    | Noticed Ereshkigal
 85479 | Tar:7    | Killed Ereshkigal
 85479 | Tar:7    | Reached skill level 10 in Evocations
 85551 | Tar:7    | Got a bone rune of Zot
 85756 | Tar:7    | Noticed the Serpent of Hell
 85787 | Tar:7    | Killed the Serpent of Hell
 86219 | Hell     | Found a gateway to the Iron City of Dis.
 86238 | Dis:1    | Entered Level 1 of the Iron City of Dis
 86559 | Dis:3    | You are sucked into a shaft and drop 3 floors!
 86705 | Dis:7    | Entered Level 7 of the Iron City of Dis
 87551 | Dis:7    | Identified the +4 staff of Dispater
 87551 | Dis:7    | Noticed Dispater
 87816 | Dis:7    | Killed Dispater
 87827 | Dis:7    | Got an iron rune of Zot
 87829 | Dis:7    | Got a flickering crystal amulet
 87830 | Dis:7    | Identified the amulet of Homopuo {rF- Regen+ Str+3 Int+8}
                  | (You found it on level 7 of the Iron City of Dis)
 87833 | Dis:7    | Got a shimmering lead ring
 87834 | Dis:7    | Identified the ring "Judel" {+Fly rPois Str+3 Int-2 Dex-4}
                  | (You found it on level 7 of the Iron City of Dis)
 88077 | Coc:1    | Entered Level 1 of Cocytus
 88975 | Coc:7    | Entered Level 7 of Cocytus
 89760 | Coc:7    | Identified the ring "Neghacal" {Ice rPois Str+2 Int-5}
 89760 | Coc:7    | Noticed Antaeus
 89768 | Coc:7    | Killed Antaeus
 89768 | Coc:7    | Reached skill level 15 in Evocations
 89834 | Coc:7    | Got an icy rune of Zot
 90278 | Tomb:1   | Entered Level 1 of the Tomb of the Ancients
 90746 | Tomb:1   | Noticed a greater mummy
 90768 | Tomb:1   | Killed a greater mummy
 90940 | Tomb:1   | Cast into level 5 of the Abyss (the power of Zot)
 90940 | Abyss:5  | Entered Level 5 of the Abyss
 90940 | Abyss:5  | Entered Level 5 of the Abyss
 90957 | Abyss:5  | Found a basalt altar of Yredelemnul.
 90966 | Abyss:5  | Found a corrupted altar of Lugonu.
 91009 | Abyss:5  | Identified the Guide on Orientation
 91012 | Abyss:5  | Identified Faplom's Volume of Conjuration
 91027 | Abyss:5  | Found a corrupted altar of Lugonu.
 91048 | Abyss:5  | Identified Sif Muna's Incunabulum of Lightness
 91055 | Abyss:5  | Identified the Collected Works on the Mountains
 91057 | Abyss:5  | Identified the Almanac of the Ant
 91127 | Abyss:5  | Identified Sif Muna's Papyrus of Transmutation
 91144 | Abyss:5  | Identified the Tome of the Rocks
 91162 | Abyss:5  | Identified the Guide on Combat Magic
 91193 | Abyss:5  | Reached skill level 27 in Short Blades
 91221 | Abyss:5  | Paralysed by a lich for 5 turns
 91274 | Abyss:5  | Gained mutation: You are dopey. (Int -2) [a neqoxec]
 91416 | Abyss:5  | Found a glowing golden altar of the Shining One.
 91444 | Abyss:5  | Noticed a juggernaut
 91461 | Abyss:5  | Killed a juggernaut
 91473 | Abyss:5  | Got an abyssal rune of Zot
 91498 | Tomb:1   | Escaped the Abyss
 91763 | Tomb:2   | Noticed Jory
 91765 | Tomb:2   | Noticed a greater mummy
 91769 | Tomb:2   | Noticed an ancient lich
 91777 | Tomb:2   | Killed Jory
 91784 | Tomb:2   | Killed an ancient lich
 91785 | Tomb:2   | Noticed a greater mummy
 91786 | Tomb:2   | Noticed a greater mummy
 91791 | Tomb:2   | Killed a greater mummy
 91986 | Tomb:2   | Killed a greater mummy
 92020 | Tomb:2   | Killed a greater mummy
 92440 | Tomb:1   | Noticed a greater mummy
 92452 | Tomb:1   | Noticed a greater mummy
 92459 | Tomb:1   | Killed a greater mummy
 92465 | Tomb:1   | Killed a greater mummy
 92727 | Tomb:1   | Noticed a greater mummy
 92744 | Tomb:1   | Killed a greater mummy
 92759 | Tomb:1   | Noticed a greater mummy
 92774 | Tomb:1   | Killed a greater mummy
 92785 | Tomb:1   | Noticed a greater mummy
 92812 | Tomb:1   | Killed a greater mummy
 92908 | Tomb:1   | Noticed a greater mummy
 92918 | Tomb:1   | Killed a greater mummy
 92933 | Tomb:1   | Noticed a greater mummy
 92999 | Tomb:1   | Killed a greater mummy
 93005 | Tomb:1   | Noticed a greater mummy
 93017 | Tomb:1   | Killed a greater mummy
 93047 | Tomb:1   | Noticed a greater mummy
 93058 | Tomb:1   | Killed a greater mummy
 93060 | Tomb:1   | Noticed a greater mummy
 93090 | Tomb:1   | Noticed a greater mummy
 93121 | Tomb:1   | Killed a greater mummy
 93123 | Tomb:1   | Noticed a greater mummy
 93134 | Tomb:1   | Killed a greater mummy
 93224 | Tomb:1   | Noticed a greater mummy
 93224 | Tomb:1   | Noticed a greater mummy
 93235 | Tomb:1   | Killed a greater mummy
 93236 | Tomb:1   | Killed a greater mummy
 93240 | Tomb:1   | Noticed a greater mummy
 93245 | Tomb:1   | Noticed a greater mummy
 93251 | Tomb:1   | Killed a greater mummy
 93251 | Tomb:1   | Reached skill level 10 in Shields
 93253 | Tomb:1   | Killed a greater mummy
 93617 | Tomb:3   | Entered Level 3 of the Tomb of the Ancients
 93647 | Tomb:3   | Noticed a greater mummy
 93649 | Tomb:3   | Noticed a greater mummy
 93653 | Tomb:3   | Noticed a greater mummy
 93660 | Tomb:3   | Noticed a greater mummy
 93757 | Tomb:3   | Killed a greater mummy
 93759 | Tomb:3   | Killed a greater mummy
 93949 | Tomb:3   | Killed a greater mummy
 94213 | Tomb:3   | Noticed an ancient lich
 94214 | Tomb:3   | Noticed a greater mummy
 94231 | Tomb:3   | Killed an ancient lich
 94240 | Tomb:3   | Killed a greater mummy
 94241 | Tomb:3   | Killed a greater mummy
 94243 | Tomb:3   | Found the +10 dark maul {crush}
 94251 | Tomb:3   | Paralysed by the power of Zot for 5 turns
 94255 | Tomb:3   | HP: 12/249 [death scarab (5)]
 94255 | Tomb:3   | HP: 2/249 [death scarab (6)]
 94255 | Tomb:3   | Mangled by a death scarab

Levels and vault maps discovered:
D:1:      onia_arrival_zoo_common, layout_loops_ring, grunt_decor_arrowhead
D:2:      layout_basic, gammafunk_temple_overflow_pools, lemuel_crystal_altar,
          first_ration, uniq_sigmund
D:3:      layout_basic, gammafunk_ghost_gnarly_gnolls
D:4:      layout_basic, lemuel_round_altar, gup_sewer_entry_spiral, uniq_edmund
D:5:      layout_loops_ring, bloody_trog, lemuel_blue_sif_altar
D:6:      layout_loops_ring, makhleb_altar_promises_db, kennysheep_little_box,
          chequers_temple_overflow_minitemple,
          minmay_temple_entry_drinking_statues, gammafunk_ghost_arena,
          uniq_crazy_yiuf_cottage, uniq_duvessa
D:7:      layout_gridville
D:8:      layout_basic, lair_entry_dummy, grunt_ogre_cave
D:9:      layout_long_grid, serial_undead, serial_undead_c, serial_undead_c,
          serial_undead_d, serial_undead_c, hangedman_abyss_or_decor_stagger,
          kennysheep_another_room
D:10:     layout_cross, erik_orc_1, serial_shops, shop_fountains,
          minmay_diced_spiral
D:11:     layout_gridville, minmay_parallelograms, sword_in_stone, uniq_harold
D:12:     layout_irregular_city, minmay_misc_feat_hallway
D:13:     layout_loops_ring, david_vaults_4, basic_altar, uniq_urug
D:14:     layout_stronghold, basic_altar, ebering_ghost_gozag
D:15:     gammafunk_enter_depths_forms, layout_gridville,
          hangedman_abyss_or_decor_jellyfish_corner
Temple:   jpeg_temple_alley_garden
Lair:1:   layout_regular_city, beast_lair_carwin_4
Lair:2:   layout_regular_city, dummy_spider_entry, zaba_antful_of_joy
Lair:3:   layout_gridlike, infiniplex_staircase_pool_2, grunt_megastairs_1
Lair:4:   layout_hall_layers, swamp_mist, nicolae_volcano_entry_lava_flow,
          lemuel_fruit_tree, grunt_megastairs_3, infiniplex_staircase_pool,
          serial_bayou_shore_a
Lair:5:   layout_misc_corridors
Lair:6:   due_jungle_book, layout_small_grid, slime_altar_1,
          portal_ice_cave_entry_ice_beasts
Swamp:1:  layout_falls_marsh, evilmike_swamp_ruin_house_2
Swamp:2:  layout_basic_swamp, evilmike_swamp_ruin_rubble_1, swamp_pool5
Swamp:3:  layout_basic_swamp, evilmike_swamp_ruin_wall
Swamp:4:  grunt_swamp_rune_castle, layout_basic_swamp, swamp_pool5,
          uniq_roxanne, uniq_kirke
Spider:1: layout_spider_delve, uniq_aizul
Spider:2: layout_spider_delve, drop_trap
Spider:3: layout_spider_delve, nicolae_looking_at_the_future
Spider:4: guppyfry_spider_rune
Slime:1:  layout_caves
Slime:2:  layout_caves
Slime:3:  cheibrodos_slime_lost_civilization_8, layout_caves
Slime:4:  layout_caves
Slime:5
Orc:1:    layout_caves
Orc:2:    kennysheep_orc_mage_school, layout_diamond_mine, serial_shops,
          nicolae_shop_temple_entry_statues_fountains, gauntlet_entry_generic,
          statue_in_the_mist_lemuel, uniq_rupert, uniq_nessos
Elf:1:    layout_geoelf_octagon, serial_shops, nicolae_shop_window_shopping,
          minmay_elf_necromancy, minmay_shop_star, grunt_megastairs_4
Elf:2:    layout_geoelf_grid, grunt_ministairs_1, nicolae_elf_big_sculpture_1
Elf:3:    minmay_elf_hall_dome, layout_geoelf_octagon, serial_shops,
          nicolae_shop_statue_plus, hangedman_elf_targetted_burst, minivault_16,
          minmay_shop_grove
Vaults:1: ontoclasm_vaults_ring_small, nicolae_vaults_yaktaur_gun_rack,
          v_rooms_2, hangedman_vaults_river_flow, v_misc_4,
          hangedman_vaults_capsules, vaults_room_semicircle,
          ontoclasm_vaults_fault, vaults_mumra_chevron,
          nicolae_vaults_angled_halls, v_alt_pattern_3,
          hangedman_vaults_stitches, ontoclasm_vaults_shout,
          layout_vaults_omnicross
Vaults:2: v_misc_28, hangedman_vaults_maws, v_misc_13, dpeg_vaults_monster_box,
          v_misc_8, vaults_room_door_ring, minmay_crypt_entry_simple_statues,
          grunt_vaults_focal, nicolae_vaults_puzzle_piece,
          vaults_mumra_chevron_long, hangedman_vaults_nails,
          ontoclasm_vaults_claustrophobia, nicolae_vaults_little_ls,
          layout_vaults_omnibox
Vaults:3: ontoclasm_vaults_eye, vaults_dpeg_hooks,
          nicolae_vaults_three_branches, nicolae_vaults_ring_of_whatevers,
          vaults_room_stairs_pillars, vaults_dpeg_diagonal,
          layout_vaults_omnigrid
Vaults:4: v_misc_4, vaults_room_door_hall, vaults_dpeg_spiral,
          vaults_room_fancy_cross, v_misc_26, nicolae_vaults_hallways_thing,
          v_misc_16, nicolae_vaults_mini_display_case,
          vaults_mumra_minichess_inversion, vaults_room_octagon,
          vaults_room_mumra_shop_pool, v_misc_15,
          ontoclasm_vaults_decontamination, layout_vaults_ring, basic_altar,
          uniq_frederick
Vaults:5: serial_shops
Crypt:1:  layout_chaotic_city, grunt_crypt_arrival_guarded_gate
Crypt:2:  layout_chaotic_city, grunt_megastairs_2, uniq_donald
Crypt:3:  due_elkab, layout_chaotic_city, tomb_entry_forgotten_bobbens,
          weyrava_vampire_temple
Tomb:1
Tomb:2:   uniq_jory
Tomb:3
Depths:1: layout_long_grid, grunt_hell_entry_dis_mu, rand_demon_pan_entry_3,
          grunt_decor_fettered, grunt_decor_cap, minivault_14,
          minmay_pinched_square, uniq_asterion, uniq_sojobo
Depths:2: evilmike_halls_of_destruction, layout_basic, enter_ziggurat_a,
          hangedman_geh_valley, serial_bayou_lagoon_a,
          infiniplex_staircase_zigzag_5
Depths:3: minmay_ambush_box, layout_cave_pools, minmay_misc_feat_cross,
          hellmouth_1, grunt_pan_entry_in_and_out, minmay_misc_feat_columns
Depths:4: nicolae_legendary_halls, layout_cave_pools, hell_entry,
          nicolae_abyss_entry_one_way_or_another, minmay_holes
Depths:5: grunt_runaround [grunt_runaround_doors_1, grunt_runaround_doors_2,
          grunt_runaround_doors_3, grunt_runaround_doors_4,
          grunt_runaround_zot], hell_entry, uniq_boris
Hell
Dis:1:    layout_chaotic_city
Dis:2:    layout_chaotic_city
Dis:3:    layout_jigsaw
Dis:6:    layout_subdivisions
Dis:7:    dis_st
Geh:1:    layout_gehenna_pools_box, lemuel_hellish_altar
Geh:2:    layout_gehenna_pools_box, lemuel_old_faithful
Geh:3:    layout_gehenna_lava_caves
Geh:4:    layout_gehenna_pools_box
Geh:6:    layout_gehenna_pools_box, lemuel_flamethrower_3
Geh:7:    geh_old
Coc:1:    layout_cocytus_water_paths
Coc:2:    grunt_deathspiral_small, layout_cocytus_water_paths
Coc:3:    layout_cocytus_water_paths
Coc:4:    layout_ice_bergs, serial_ice, serial_ice_g, serial_ice_l,
          serial_ice_o, serial_ice_f
Coc:5:    layout_cocytus_water_paths
Coc:6:    layout_ice_bergs
Coc:7:    coc_mu
Tar:1:    layout_cathedral_of_symmetry, nicolae_tar_cuneiform_two
Tar:2:    layout_catacombs, nicolae_tar_cuneiform_not
Tar:3:    layout_catacombs, door_vault
Tar:4:    layout_grid_maze, nicolae_tar_cuneiform_to_be
Tar:5:    layout_honeycomb
Tar:6:    layout_catacombs
Tar:7:    tar_grunt_cathedral
Zot:1:    layout_twisted_circle
Zot:2:    nicolae_moth_party, layout_misc_corridors, st_stairs_3,
          zot_minivault_1
Zot:3:    lemuel_firehouse, layout_cathedral_of_symmetry
Zot:4:    layout_cathedral_of_symmetry, basic_altar
Zot:5:    layout_twisted_circle, st_stairs_1

Skill      XL: |  1  2  3  4  5  6  7  8  9 10 11 12 13 14 15 16 17 18 19 20 21 22 23 24 25 26 27 |
---------------+----------------------------------------------------------------------------------+-----
Short Blades   | 3 4 6 7 9 10 12 13 14 15 16 17 18 19 27 | 27.0
Evocations     | 4 6 16 | 16.0
Invocations    | 4 8 11 13 14 16 17 18 19 20 21 22 23 24 25 26 27 | 27.0
Dodging        | 4 6 8 10 11 12 13 14 15 16 17 26 | 26.4
Fighting       | 4 6 9 10 12 13 14 15 16 17 18 19 20 21 23 27 | 27.0
Armour         | 3 6 8 10 11 12 13 14 15 16 17 18 19 27 | 27.0
Shields        | 4 5 11 | 11.9
Stealth        | 18 | 18.1
Throwing       | |  1.7

Action                   |  1- 3 |  4- 6 |  7- 9 | 10-12 | 13-15 | 16-18 | 19-21 | 22-24 | 25-27 || total
-------------------------+-------+-------+-------+-------+-------+-------+-------+-------+-------++-------
Melee: Rapier            |   154 |   118 |   132 |       |       |       |       |       |       ||   404
       Headbutt          |       |    25 |    90 |   187 |   501 |   461 |   576 |   695 |  3367 ||  5902
       Short sword       |       |       |   295 |   806 |    28 |       |       |       |       ||  1129
       Quick blade       |       |       |       |       |  1618 |  1463 |  1458 |  1789 |  8155 || 14483
       Peck              |       |       |       |       |       |       |       |       |   164 ||   164
Throw: Throwing net      |       |     2 |     1 |       |     1 |       |       |       |       ||     4
Invok: Grand Finale      |       |       |       |     1 |       |     2 |     1 |     1 |    21 ||    26
Evoke: Wand              |       |       |     3 |       |     8 |     4 |     6 |       |     7 ||    28
  Use: Potion            |       |     1 |       |     2 |     4 |     2 |     6 |     1 |    28 ||    44
       Scroll            |       |     4 |     6 |    11 |    16 |     8 |     8 |     5 |    68 ||   126
 Stab: Held in net/web   |       |     3 |       |       |     2 |       |       |       |       ||     5
       Paralysed         |       |       |    11 |    59 |   130 |   143 |   120 |   157 |   630 ||  1250
       Confused          |       |       |       |       |       |     1 |       |       |       ||     1
       Petrified         |       |       |       |       |       |       |       |       |     4 ||     4
       Distracted        |       |       |       |       |       |       |       |       |     2 ||     2
       Petrifying        |       |       |       |       |       |       |       |       |     2 ||     2
  Eat: Chunk             |     1 |     2 |    14 |    15 |    22 |    16 |    12 |    23 |    12 ||   117
       Ration            |       |     1 |     1 |     3 |     7 |     6 |     4 |     2 |    35 ||    59
Armor: Leather armour    |    20 |       |       |       |       |       |       |       |       ||    20
       Ring mail         |    33 |    16 |       |       |       |       |       |       |       ||    49
       Scale mail        |       |    35 |   134 |   336 |   328 |   302 |   194 |    89 |       ||  1418
       Gold dragon scale |       |       |       |       |       |       |       |   349 |  1878 ||  2227
Dodge: Dodged            |   109 |    62 |   140 |   402 |   582 |   500 |   409 |   490 |  2315 ||  5009
Block: Buckler           |       |       |       |       |       |   121 |   321 |   464 |  1932 ||  2838

Table legend:
 A = Non-vault XP
 B = Vault XP
 C = Vault XP percentage of total XP
 D = Non-vault monster count
 E = Vault monster count
 F = Vault count percentage of total count
                 A         B        C        D         E       F
            +---------+---------+-------+---------+---------+-------
      Total | 1999986 | 1798460 |  47.3 |    3136 |    1692 |  35.0
            +---------+---------+-------+---------+---------+-------
        D:1 |      43 |       0 |   0.0 |      24 |       0 |   0.0
        D:2 |      78 |     227 |  74.4 |      22 |       1 |   4.3
        D:3 |     132 |     261 |  66.4 |      19 |       9 |  32.1
        D:4 |     352 |     210 |  37.4 |      15 |       8 |  34.8
        D:5 |     771 |       0 |   0.0 |      28 |       0 |   0.0
        D:6 |     528 |     970 |  64.8 |      20 |       8 |  28.6
        D:7 |     390 |       0 |   0.0 |       8 |       0 |   0.0
        D:8 |    1680 |     109 |   6.1 |      16 |       1 |   5.9
        D:9 |    2308 |     310 |  11.8 |      39 |       3 |   7.1
       D:10 |    1671 |    2667 |  61.5 |      22 |      21 |  48.8
       D:11 |    4153 |     804 |  16.2 |      46 |       1 |   2.1
       D:12 |    7488 |       0 |   0.0 |      39 |       0 |   0.0
       D:13 |    5022 |    2180 |  30.3 |      15 |       4 |  21.1
       D:14 |    9744 |    3969 |  28.9 |      31 |       6 |  16.2
       D:15 |    9197 |    3020 |  24.7 |      25 |       8 |  24.2
     Lair:1 |    1488 |     525 |  26.1 |       7 |       5 |  41.7
     Lair:2 |    4842 |    2859 |  37.1 |      16 |      31 |  66.0
     Lair:3 |    1324 |    1929 |  59.3 |       4 |       2 |  33.3
     Lair:4 |    7865 |       0 |   0.0 |      20 |       0 |   0.0
     Lair:5 |    6087 |       0 |   0.0 |      29 |       0 |   0.0
     Lair:6 |   10144 |    3844 |  27.5 |      18 |      13 |  41.9
    Swamp:1 |    8642 |       0 |   0.0 |      25 |       0 |   0.0
    Swamp:2 |   12519 |     133 |   1.1 |      23 |       1 |   4.2
    Swamp:3 |   13428 |     983 |   6.8 |      35 |       1 |   2.8
    Swamp:4 |   15766 |   22498 |  58.8 |      29 |      34 |  54.0
   Spider:1 |    8949 |    1581 |  15.0 |      26 |       1 |   3.7
   Spider:2 |   28011 |       0 |   0.0 |      71 |       0 |   0.0
   Spider:3 |   18577 |    1937 |   9.4 |      47 |      15 |  24.2
   Spider:4 |    9782 |   23871 |  70.9 |      25 |      39 |  60.9
    Slime:1 |    8334 |       0 |   0.0 |       8 |       0 |   0.0
    Slime:2 |   13034 |       0 |   0.0 |      10 |       0 |   0.0
    Slime:3 |   19627 |       0 |   0.0 |      38 |       0 |   0.0
    Slime:4 |    8705 |       0 |   0.0 |      20 |       0 |   0.0
    Slime:5 |   19093 |   28902 |  60.2 |      34 |      13 |  27.7
      Orc:1 |    1681 |       0 |   0.0 |      27 |       0 |   0.0
      Orc:2 |    1107 |   11889 |  91.5 |      16 |      36 |  69.2
      Elf:1 |    7667 |    4433 |  36.6 |      17 |      11 |  39.3
      Elf:2 |   21503 |   21244 |  49.7 |      34 |      28 |  45.2
      Elf:3 |   25042 |   48898 |  66.1 |      41 |      33 |  44.6
   Vaults:1 |   27343 |   33054 |  54.7 |      44 |      52 |  54.2
   Vaults:2 |   27758 |   22331 |  44.6 |      45 |      30 |  40.0
   Vaults:3 |   44738 |    8180 |  15.5 |      82 |       9 |   9.9
   Vaults:4 |   59065 |   23321 |  28.3 |      97 |      28 |  22.4
   Vaults:5 |   23262 |  114082 |  83.1 |      36 |      82 |  69.5
    Crypt:1 |   24442 |       0 |   0.0 |      50 |       0 |   0.0
    Crypt:2 |   43600 |   11639 |  21.1 |      52 |       8 |  13.3
    Crypt:3 |   27876 |   56205 |  66.8 |      35 |      64 |  64.6
     Tomb:1 |   14379 |  126338 |  89.8 |      33 |      56 |  62.9
     Tomb:2 |    9945 |   56247 |  85.0 |      25 |      56 |  69.1
     Tomb:3 |    8467 |  104440 |  92.5 |      20 |      94 |  82.5
   Depths:1 |   33330 |   33686 |  50.3 |      38 |      25 |  39.7
   Depths:2 |   36998 |   29436 |  44.3 |      44 |      24 |  35.3
   Depths:3 |   29325 |   19383 |  39.8 |      35 |      26 |  42.6
   Depths:4 |   31594 |   57747 |  64.6 |      27 |      31 |  53.4
   Depths:5 |     782 |  137787 |  99.4 |       3 |      99 |  97.1
       Hell |   16679 |   46253 |  73.5 |      31 |      64 |  67.4
      Dis:1 |    3601 |       0 |   0.0 |      10 |       0 |   0.0
      Dis:2 |    3015 |       0 |   0.0 |       4 |       0 |   0.0
      Dis:3 |   17096 |       0 |   0.0 |      25 |       0 |   0.0
      Dis:6 |    2588 |       0 |   0.0 |       6 |       0 |   0.0
      Dis:7 |   40517 |   70534 |  63.5 |      48 |      42 |  46.7
      Geh:1 |   21508 |       0 |   0.0 |      53 |       0 |   0.0
      Geh:2 |   12721 |       0 |   0.0 |      37 |       0 |   0.0
      Geh:3 |    5712 |       0 |   0.0 |      12 |       0 |   0.0
      Geh:4 |    7135 |       0 |   0.0 |      17 |       0 |   0.0
      Geh:6 |   34264 |       0 |   0.0 |      54 |       0 |   0.0
      Geh:7 |   41970 |   41761 |  49.9 |      64 |      29 |  31.2
      Coc:1 |    1305 |       0 |   0.0 |       4 |       0 |   0.0
      Coc:2 |     575 |       0 |   0.0 |       2 |       0 |   0.0
      Coc:3 |    7380 |       0 |   0.0 |      14 |       0 |   0.0
      Coc:4 |    4026 |       0 |   0.0 |      10 |       0 |   0.0
      Coc:5 |   45905 |       0 |   0.0 |      60 |       0 |   0.0
      Coc:6 |    2122 |       0 |   0.0 |       6 |       0 |   0.0
      Coc:7 |   20232 |   64297 |  76.1 |      35 |      73 |  67.6
      Tar:1 |     367 |       0 |   0.0 |       3 |       0 |   0.0
      Tar:2 |   21227 |       0 |   0.0 |      41 |       0 |   0.0
      Tar:3 |   49980 |       0 |   0.0 |      62 |       0 |   0.0
      Tar:4 |    6318 |       0 |   0.0 |      11 |       0 |   0.0
      Tar:5 |   31063 |       0 |   0.0 |      44 |       0 |   0.0
      Tar:6 |   11979 |       0 |   0.0 |      19 |       0 |   0.0
      Tar:7 |   85521 |  118960 |  58.2 |      94 |      53 |  36.1
      Zot:1 |   77231 |       0 |   0.0 |      45 |       0 |   0.0
      Zot:2 |   54636 |   46072 |  45.7 |      31 |      27 |  46.6
      Zot:3 |   21610 |   20220 |  48.3 |      13 |      27 |  67.5
      Zot:4 |   51813 |       0 |   0.0 |      36 |       0 |   0.0
      Zot:5 |   51776 |   11779 |  18.5 |      29 |       7 |  19.4
    Abyss:2 |   15231 |    1984 |  11.5 |      39 |       4 |   9.3
    Abyss:5 |   49779 |   20577 |  29.2 |      72 |      14 |  16.3
        Pan |  224112 |  301293 |  57.3 |     267 |     207 |  43.7
      Zig:1 |     652 |       0 |   0.0 |       2 |       0 |   0.0
      Zig:2 |    4254 |       0 |   0.0 |       2 |       0 |   0.0
      Zig:3 |    3712 |       0 |   0.0 |       4 |       0 |   0.0
      Zig:4 |    7422 |    2380 |  24.3 |       5 |       4 |  44.4
      Zig:5 |    3755 |       0 |   0.0 |       7 |       0 |   0.0
      Zig:6 |   23475 |       0 |   0.0 |       5 |       0 |   0.0
      Zig:7 |    5794 |       0 |   0.0 |      18 |       0 |   0.0
      Zig:8 |   15113 |       0 |   0.0 |      13 |       0 |   0.0
      Zig:9 |   13962 |       0 |   0.0 |      17 |       0 |   0.0
     Zig:10 |   17516 |       0 |   0.0 |      15 |       0 |   0.0
     Zig:11 |   21761 |       0 |   0.0 |      15 |       0 |   0.0
     Zig:12 |   22459 |       0 |   0.0 |      25 |       0 |   0.0
     Zig:13 |   25813 |       0 |   0.0 |      19 |       0 |   0.0
     Zig:14 |   23839 |       0 |   0.0 |      33 |       0 |   0.0
     Zig:15 |    9787 |     692 |   6.6 |       3 |       1 |  25.0
      Sewer |       0 |     405 | 100.0 |       0 |      28 | 100.0
      IceCv |       0 |   13612 | 100.0 |       0 |      55 | 100.0
    Volcano |       0 |    6354 | 100.0 |       0 |      27 | 100.0
   Gauntlet |       0 |    7158 | 100.0 |       0 |      13 | 100.0
            +---------+---------+-------+---------+---------+-------
